 Dungeon Crawl Stone Soup version 0.31-a0-233-g139696dc86 (webtiles) character file.

Game seed: 18157478615472466743

743255 initializr the Peltast (level 27, -29/271 HPs)
             Began as a Naga Monk on July 9, 2023.
             Was a High Priest of Cheibriados.
             Blown up by Fidduiq (84 damage)
             ... with an orb of destruction
             ... on level 16 of a ziggurat.
             The game lasted 02:53:16 (73834 turns).

initializr the Peltast (Naga Monk)                 Turns: 73834, Time: 02:53:17

Health: -29/271    AC: 49    Str: 37    XL:     27
Magic:  8/43       EV: 22    Int: 32    God:    Cheibriados [*****.]
Gold:   4229       SH: 14    Dex: 45    Spells: 19/59 levels left

rFire   + + +        C - +3 scimitar (distort) {!w}
rCold   + + .        m - +0 buckler "Vefam" {rPois rN+ Str+3}
rNeg    + + +        R - +9 gold dragon scales {rare}
rPois   +            Z - -2 hat of the Alchemist {rElec rPois rF+ rC+ rN+ Will+ rMut rCorr}
rElec   +            D - +0 cloak of Indemnity {rElec rF+ Dex+3 SInv}
rCorr   +            O - +0 pair of fencer's gloves {Riposte Dex+3}
SInv    +            E - +7 barding of the Enormous God {Slay+3}
Will    +++++        t - amulet of Duzukixt {Acrobat rN++ Will- Int+7} Stlth
                     p - ring "Jusir" {Str+6 Int+3 Dex+3 Slay+2}
HPRegen 0.65/turn    o - ring of Doubts {Wiz Will++}
MPRegen 0.28/turn

%: acrobat, resist mutation, wizardry (x1)
@: lethally poisoned (-29 -> -34), studying Ranged Weapons, unable to drink,
very slow
A: AC +9, large, see invisible, deformed body, poison resistance, slowness 2,
spit poison 2, naga tail 2, iridescent scales 1, dopey 1, screaming 1, inability
to drink after injury 1
}: 5/15 runes: decaying, slimy, silver, abyssal, gossamer
a: Breathe Poison Gas, Renounce Religion, Bend Time, Temporal Distortion,
Slouch, Step From Time


You were on level 16 of a ziggurat.
You worshipped Cheibriados.
Cheibriados was extremely pleased with you.
You visited 13 branches of the dungeon, and saw 57 of its levels.
You visited the Abyss 2 times.
You visited 1 bazaar.
You visited 1 ziggurat, and saw 16 of its levels.
You also visited: Trove, Sewer and Desolation.

You collected 11305 gold pieces.
You spent 7076 gold pieces at shops.


Innate Abilities, Weirdness & Mutations

Your serpentine skin is tough. (AC +9)
You have supernaturally acute eyesight. (SInv)
Armour fits poorly on your strangely shaped body.
Your system is resistant to poisons. (rPois)
You cover ground very slowly.
You can exhale a cloud of poison.
You can use your snake-like lower body to constrict enemies.
You are partially covered in iridescent scales. (AC +2)
You are dopey. (Int -2)
You occasionally shout uncontrollably at your foes.
You occasionally lose the ability to drink potions when taking damage.


   Skills:
 - Level 20.4 Fighting
 - Level 9.2(13.2) Short Blades
 - Level 15.0(16.0) Long Blades
 - Level 15.7 Armour
 - Level 15.7 Dodging
 - Level 8.0 Stealth
 + Level 20.8 Shields
 * Level 16.7 Spellcasting
 - Level 20.0 Necromancy
 * Level 6.8 Transmutations
 - Level 20.0 Fire Magic
 - Level 14.0 Invocations


You had 19 spell levels left.
You knew the following spells:

 Your Spells              Type           Power      Damage    Failure   Level
a - Animate Dead          Necr           100%       N/A       1%          4
d - Death Channel         Necr           50%        N/A       1%          6
i - Ignition              Fire           50%        3d14      11%         8
n - Necromutation         Tmut/Necr      42%        N/A       80%         8
s - Sublimation of Blood  Necr           100%       N/A       0%          2
I - Infestation           Necr           50%        N/A       11%         8
X - Anguish               Hex/Necr       37%        N/A       1%          4

Your spell library contained the following spells:

 Spells                   Type           Power      Damage    Failure   Level
 Necrotise                Necr           100%       1d9       0%          1
 Vampiric Draining        Necr           100%       2d13      0%          3
 Beastly Appendage        Tmut           100%       N/A       1%          1
 Kiss of Death            Conj/Necr      100%       2d13      1%          1
 Sting                    Tmut/Pois      100%       1d8       1%          1
 Cigotuvi's Dreadful Rot  Necr/Pois/Air  100%       N/A       1%          2
 Ignite Poison            Fire/Tmut/Pois 71%        N/A       1%          3
 Inner Flame              Hex/Fire       74%        N/A       1%          3
 Volatile Blastmotes      Fire/Tloc      100%       2d18      1%          3
 Dispel Undead            Necr           100%       3d31      1%          4
 Flame Wave               Conj/Fire      74%        2d16      1%          4
 Sticky Flame             Conj/Fire      74%        2d9       1%          4
 Agony                    Necr           100%       N/A       1%          5
 Passwall                 Tmut/Erth      40%        N/A       2%          2
 Borgnjor's Vile Clutch   Necr/Erth      37%        N/A       2%          5
 Apportation              Tloc           52%        N/A       6%          1
 Freeze                   Ice            100%       1d10      6%          1
 Shock                    Conj/Air       100%       1d9       6%          1
 Slow                     Hex            100%       N/A       6%          1
 Summon Small Mammal      Summ           100%       N/A       6%          1
 Call Imp                 Summ           52%        N/A       9%          2
 Ensorcelled Hibernation  Hex/Ice        52%        N/A       9%          2
 Searing Ray              Conj           52%        2d6       9%          2
 Static Discharge         Conj/Air       52%        2-5/arc   9%          2
 Blade Hands              Tmut           31%        N/A       11%         5
 Ice Form                 Ice/Tmut       48%        N/A       14%         4
 Petrify                  Tmut/Erth      48%        N/A       14%         4
 Simulacrum               Ice/Necr       37%        N/A       16%         6
 Call Canine Familiar     Summ           26%        N/A       17%         3
 Confusing Touch          Hex            26%        N/A       17%         3
 Frozen Ramparts          Ice            52%        1d8       17%         3
 Gell's Gravitas          Tloc           26%        N/A       17%         3
 Hailstorm                Conj/Ice       26%        3d7       17%         3
 Mephitic Cloud           Conj/Pois/Air  26%        N/A       17%         3
 Ozocubu's Armour         Ice            26%        N/A       17%         3
 Portal Projectile        Hex/Tloc       52%        N/A       17%         3
 Summon Guardian Golem    Hex/Summ       26%        N/A       17%         3
 Swiftness                Air            26%        N/A       17%         3
 Teleport Other           Tloc           26%        N/A       17%         3
 Tukima's Dance           Hex            26%        N/A       17%         3
 Vhi's Electric Charge    Tloc/Air       52%        N/A       17%         3
 Irradiate                Conj/Tmut      24%        3d19      36%         5
 Yara's Violent Unravell  Hex/Tmut       24%        3d11      36%         5
 Airstrike                Air            13%        2d(2-18)  47%         4
 Animate Armour           Summ/Erth      52%        N/A       47%         4
 Cause Fear               Hex            13%        N/A       47%         4
 Fulminant Prism          Conj/Hex       13%        3d8       47%         4
 Iskenderun's Mystic Bla  Conj/Tloc      26%        2d7       47%         4
 Leda's Liquefaction      Hex/Erth       13%        N/A       47%         4
 Manifold Assault         Tloc           26%        N/A       47%         4
 Passage of Golubria      Tloc           26%        N/A       47%         4
 Summon Ice Beast         Ice/Summ       26%        N/A       47%         4
 Summon Lightning Spire   Summ/Air       26%        N/A       47%         4
 Haunt                    Necr/Summ      37%        N/A       58%         7
 Arcjolt                  Conj/Air       13%        1d23      82%         5
 Freezing Cloud           Conj/Ice/Air   13%        6-21      82%         5
 Iskenderun's Battlesphe  Conj           26%        2d8       82%         5
 Lee's Rapid Deconstruct  Erth           13%        3d9*      82%         5
 Metabolic Englaciation   Hex/Ice        13%        N/A       82%         5
 Silence                  Hex/Air        13%        N/A       82%         5
 Summon Forest            Summ/Tloc      13%        N/A       82%         5
 Summon Mana Viper        Hex/Summ       26%        N/A       82%         5
 Death's Door             Necr           50%        N/A       82%         9
 Eringya's Noxious Bog    Tmut/Pois      24%        4d6       89%         6
 Statue Form              Tmut/Erth      32%        N/A       89%         6
 Dragon Form              Tmut           31%        N/A       95%         7
 Conjure Ball Lightning   Conj/Air       13%        3x3d6     100%        6
 Dispersal                Tloc           13%        N/A       100%        6
 Leda's Unmaking          Conj/Erth      13%        9d3       100%        6
 Summon Cactus Giant      Summ           13%        N/A       100%        6
 Enfeeble                 Hex            13%        N/A       100%        7
 Malign Gateway           Summ/Tloc      13%        N/A       100%        7
 Monstrous Menagerie      Summ           13%        N/A       100%        7
 Orb of Destruction       Conj           13%        9d7       100%        7
 Ozocubu's Refrigeration  Ice            13%        4d10      100%        7
 Spellforged Servitor     Conj/Summ      13%        N/A       100%        7
 Summon Hydra             Summ           13%        N/A       100%        7
 Discord                  Hex            13%        N/A       100%        8
 Disjunction              Tloc           13%        N/A       100%        8
 Lehudib's Crystal Spear  Conj/Erth      13%        10d4      100%        8
 Maxwell's Capacitive Co  Air            13%        ∞         100%        8
 Summon Horrible Things   Summ           13%        N/A       100%        8
 Chain Lightning          Conj/Air       13%        3d17      100%        9
 Dragon's Call            Summ           13%        N/A       100%        9
 Fire Storm               Conj/Fire      37%        8d9       100%        9
 Polar Vortex             Ice            13%        12d1*     100%        9
 Shatter                  Erth           13%        3d13*     100%        9

Inventory:

Hand Weapons
 C - a +3 scimitar of distortion (weapon) {!w}
   (You took it off a hell knight on level 1 of the Depths)
 G - the +2 Maxwell's thermic engine {flame, freeze, rev}
   (You bought it in a shop in a bazaar)
Missiles
 V - 7 throwing nets {=f!f}
Armour
 a - a scarf of repulsion
   (You bought it in a shop on level 2 of the Orcish Mines)
 m - the +0 buckler "Vefam" (worn) {rPois rN+ Str+3}
   (You took it off a deep elf high priest on level 3 of the Elven Halls)

   Str:       It affects your strength (+3).
   rPois:     It protects you from poison.
   rN:        It protects you from negative energy.
 D - the +0 cloak of Indemnity (worn) {rElec rF+ Dex+3 SInv}
   (You found it on level 3 of the Elven Halls)

   Dex:       It affects your dexterity (+3).
   rF:        It protects you from fire.
   rElec:     It insulates you from electricity.
   SInv:      It lets you see invisible.
 E - the +7 barding of the Enormous God (worn) {Slay+3}
   (You acquired it on level 3 of the Crypt)

   Slay:      It affects your accuracy & damage with ranged weapons and melee
   (+3).
 O - the +0 pair of fencer's gloves (worn) {Riposte Dex+3}
   (You found it on level 15 of a ziggurat)

   Riposte:   It allows the wearer to riposte with melee weapons, swiftly
   retaliating against missed or blocked melee attacks.
   Dex:       It affects your dexterity (+3).
 R - +9 gold dragon scales (worn) {rare}
   (You took it off Parghit on level 3 of the Depths)
 T - the +3 hat of Pondering {ponderous, Will+ MP+10 Int+5}
   (You took it off Gastronok on level 3 of the Lair of Beasts)

   Int:       It affects your intelligence (+5).
   MP:        It affects your magic capacity (+10).
   Will:      It increases your willpower.
 U - the +10 tower shield of Ignorance {rN+ Int-4}
   (You found it on level 14 of a ziggurat)

   Int:       It affects your intelligence (-4).
   rN:        It protects you from negative energy.
 Z - the -2 hat of the Alchemist (worn) {rElec rPois rF+ rC+ rN+ Will+ rMut rCorr}
   (You found it on level 3 of the Crypt)

   rF:        It protects you from fire.
   rC:        It protects you from cold.
   rElec:     It insulates you from electricity.
   rPois:     It protects you from poison.
   rN:        It protects you from negative energy.
   rCorr:     It protects you from acid and corrosion.
   rMut:      It protects you from mutation.
   Will:      It increases your willpower.
Jewellery
 i - the ring "Xahirautz" {Will+ Str+2 Slay+3}
   (You found it in a treasure trove)

   [ring of willpower]

   Str:       It affects your strength (+2).
   Slay:      It affects your accuracy & damage with ranged weapons and melee
   (+3).
   Will:      It increases your willpower.
 l - the amulet "Ylleplakh" {Faith rPois Int+2}
   (You found it in a treasure trove)

   [amulet of faith]

   It allows you to gain divine favour quickly.
   Int:       It affects your intelligence (+2).
   rPois:     It protects you from poison.
 o - the ring of Doubts (right hand) {Wiz Will++}
   (You found it in the Desolation of Salt)

   [ring of wizardry]

   It improves your spell success rate.
   Will:      It greatly increases your willpower.
 p - the ring "Jusir" (left hand) {Str+6 Int+3 Dex+3 Slay+2}
   (You found it in a treasure trove)

   [ring of strength]

   Str:       It affects your strength (+6).
   Int:       It affects your intelligence (+3).
   Dex:       It affects your dexterity (+3).
   Slay:      It affects your accuracy & damage with ranged weapons and melee
   (+2).
 t - the amulet of Duzukixt (around neck) {Acrobat rN++ Will- Int+7}
   (You found it on level 5 of the Pits of Slime)

   [amulet of the acrobat]

   It increases your evasion while moving and waiting.
   Int:       It affects your intelligence (+7).
   rN:        It greatly protects you from negative energy.
   Will:      It decreases your willpower.
 F - the ring of Traps {rElec rN+ Will+ Int-3 SInv}
   (You found it on level 3 of the Crypt)

   [ring of positive energy]

   Int:       It affects your intelligence (-3).
   rElec:     It insulates you from electricity.
   rN:        It protects you from negative energy.
   SInv:      It lets you see invisible.
   Will:      It increases your willpower.
 K - the amulet of Nemmaun {Regen+ rCorr Int+2}
   (You found it on level 5 of the Pits of Slime)

   [amulet of regeneration]

   Int:       It affects your intelligence (+2).
   Regen:     It increases your rate of health regeneration.
   rCorr:     It protects you from acid and corrosion.
 L - the ring of the Tortoise {AC+8}
   (You found it on level 9 of a ziggurat)

   [ring of protection]

   AC:        It affects your AC (+8).
 N - the ring of Incredulity {rF+ rN+ rCorr Dex-5}
   (You found it on level 3 of the Crypt)

   [ring of positive energy]

   Dex:       It affects your dexterity (-5).
   rF:        It protects you from fire.
   rN:        It protects you from negative energy.
   rCorr:     It protects you from acid and corrosion.
 S - the ring "Pouxid" {rC++ Will+ Int+3 Dex+4 Stlth+}
   (You found it on level 5 of the Vaults)

   [ring of willpower]

   Int:       It affects your intelligence (+3).
   Dex:       It affects your dexterity (+4).
   rC:        It greatly protects you from cold.
   Will:      It increases your willpower.
   Stlth:     It makes you more stealthy.
 Y - the ring "Geze" {rElec rC+ rN+ Will+ Dex+2}
   (You found it on level 5 of the Pits of Slime)

   [ring of protection from cold]

   Dex:       It affects your dexterity (+2).
   rC:        It protects you from cold.
   rElec:     It insulates you from electricity.
   rN:        It protects you from negative energy.
   Will:      It increases your willpower.
Wands
 J - a wand of digging (18)
   (You found it on level 7 of the Dungeon)
Scrolls
 d - 5 scrolls of vulnerability {!r!r}
 g - 21 scrolls of immolation {!r!r}
 h - 15 scrolls of amnesia
 j - 5 scrolls of silence {!r}
 k - 2 scrolls of butterflies
 n - 12 scrolls of revelation
 x - 17 scrolls of teleportation {@r4}
 y - 13 scrolls of fog
 B - a scroll of enchant armour
 H - 11 scrolls of enchant weapon
 M - a scroll of brand weapon
 P - 14 scrolls of blinking {!r}
Potions
 b - 8 potions of heal wounds {@q2}
 c - 7 potions of ambrosia
 e - 9 potions of might
 f - 5 potions of brilliance
 q - 3 potions of berserk rage {!q}
 r - 2 potions of resistance
 s - 8 potions of enlightenment
 u - 37 potions of curing {@q1}
 v - 5 potions of invisibility
 w - 9 potions of lignification {!q}
 z - 2 potions of magic
 A - 8 potions of mutation {!q}
 I - 5 potions of cancellation
 X - 10 potions of attraction {!q}
Miscellaneous
 Q - a phial of floods
   (You found it in the Desolation of Salt)
 W - a phantom mirror
   (You found it on level 5 of the Lair of Beasts)

Dungeon Overview and Level Annotations

Branches:
Dungeon (15/15)            Temple (1/1) D:5            Lair (5/5) D:8
  Swamp (4/4) Lair:3       Spider (4/4) Lair:3        Slime (5/5) Lair:5
    Orc (2/2) D:12            Elf (3/3) Orc:2        Vaults (5/5) D:14
  Crypt (3/3) Vaults:2       Tomb (0/3) Crypt:3      Depths (4/4) D:15
   Hell (visited)             Dis (0/7) Hell            Geh (0/7) Hell
    Coc (0/7) Hell            Tar (0/7) Hell            Zot (5/5) Depths:4
  Sewer (visited)         Desolation (visited)

Altars:
Ashenzari
Cheibriados
Dithmenos
Elyvilon
Fedhas
Gozag
Hepliaklqana
Kikubaaqudgha
Makhleb
Nemelex Xobeh
Okawaru
Qazlal
Ru
Sif Muna
Trog
Uskayaw
Vehumet
Wu Jian
Xom
Yredelemnul
Zin
The Shining One
Jiyva

Shops:
D:1 (   D:3 :   D:7 (*   D:14 :   Orc:2 :!**[   Elf:3 :   Vaults:1 (
Vaults:5 !   Depths:1 **   Depths:3 ([

Portals:
Hell: Depths:1 Depths:2 Depths:3 Depths:4
Abyss: Depths:3
Pandemonium: Depths:2 Depths:4

▓▓▓▓▓▓▓▓▓ .....§○.▓
▓........○○@▓
▓........§○☼▓
▓▓▓▓▓..§.....○○○▓▓▓▓▓▓▓▓▓
.....≈≈§...§B○≈§........▓
.....≈8§.2..○°8≈........▓
:....≈≈≈.&..B≈≈≈........▓
:.&.....&§&.§§..........▓
[.&.2&&§tp§.............▓
=42G..t....u...........∩▓


You could see Byagacup (unsilenced, ally target), Jonluck (silencing,
unsilenced, infested, ally target), Ticuy (unsilenced), a Killer Klown
(unsilenced), a cacodemon (summoned, unsilenced), an apocalypse crab
(unsilenced) and 2 friendly death scarabs.


Message History

Veux gestures at you.
The floating eye blinks!
The demonic crawler blinks!
Unknown command.
Activating: Slouch (0% risk of failure)
Press: ? - help, Dir - look around, f - activate You can't see that place.
You can feel time thicken for a moment.
You kill the purple very ugly thing!
Cheibriados thoroughly appreciates the change of pace.
You kill the floating eye!
The floating eye disappears in a puff of smoke!
You kill the hell rat!
The hell rat's corpse disappears in a puff of smoke!
You can drink potions again.
The stone giant is no longer infested.
The Killer Klown sucker-punches you but does no damage.
You block the demonic crawler's attack.
The demonic crawler hits you but does no damage.
You block the demonic crawler's attack.
The Ice Fiend calls on the powers of darkness!
Your body is wracked with pain!
* * * LOW HITPOINT WARNING * * *
The Killer Klown convulses!
The floating eye convulses!
The stone giant convulses!
Veux gestures.
Unknown command.
Unknown command.
Unknown command.
Unknown command.
Unknown command.
Unknown command.
Activating: Slouch (0% risk of failure)
Press: ? - help, Dir - look around, f - activate You can feel time thicken for a moment.
You kill the demonic crawler!
The demonic crawler's corpse disappears in a puff of smoke!
You kill the Killer Klown!
Cheibriados thoroughly appreciates the change of pace.
You kill Seuni!
Cheibriados appreciates the change of pace.
You kill the floating eye!
The floating eye disappears in a puff of smoke!
You kill the stone giant!
Cheibriados thoroughly appreciates the change of pace.
The stone giant's shape twists and changes as it dies.
You kill the floating eye!
The floating eye disappears in a puff of smoke!
A death scarab bursts from the Killer Klown!
The Ice Fiend claws you but does no damage.
The Ice Fiend misses you.
Fidduiq conjures an orb of pure magic.
An orb of destruction comes into view.
Activating: Slouch (0% risk of failure)
Press: ? - help, Dir - look around, f - activate You can't see that place.
You can feel time thicken for a moment.
You destroy your death scarab!
You kill the Killer Klown!
Cheibriados appreciates the change of pace.
Cheibriados lowers the support of your attributes as your movement quickens.
A death scarab bursts from the Killer Klown!
The Ice Fiend gestures at you.
The bolt of cold hits you but does no damage.
Fidduiq launches a ball of destructive magic.
Veux gestures.
Tiag gestures at you.
The blast of poison engulfs you but does no damage.
You are poisoned.
You resist.
An orb of destruction comes into view.
Activating: Slouch (0% risk of failure)
Press: ? - help, Dir - look around, f - activate You can feel time thicken for a moment.
You kill the Ice Fiend!
The Ice Fiend disappears in a puff of smoke!
You kill Tiag!
Cheibriados thoroughly appreciates the change of pace.
You kill the floating eye!
The floating eye disappears in a puff of smoke!
You kill Fidduiq!
Cheibriados appreciates the change of pace.
You destroy your death scarab!
A death scarab bursts from Fidduiq!
You feel very sick.
The wavering orb of destruction hits your death scarab!!
Byagacup gestures at you.
Your death scarab suddenly stops moving!
Unknown command.
Activating: Slouch (0% risk of failure)
Press: ? - help, Dir - look around, f - activate You can feel time thicken for a moment.
You kill Veux!
Cheibriados appreciates the change of pace.
You kill the tarantella!
The tarantella's corpse disappears in a puff of smoke!
You kill the green death!
The green death disappears in a puff of smoke!
Cheibriados lowers the support of your attributes as your movement quickens.
A death scarab bursts from Veux!
You feel sick. The orb of destruction hits you!!!!
You feel threatened and lose the ability to drink potions!
You die...

Action                     |  1- 3 |  4- 6 |  7- 9 | 10-12 | 13-15 | 16-18 | 19-21 | 22-24 | 25-27 || total
---------------------------+-------+-------+-------+-------+-------+-------+-------+-------+-------++-------
  Melee: Falchion          |    56 |    74 |       |       |       |       |       |       |       ||   130
         Short sword       |       |    48 |   230 |   661 |  1008 |   128 |       |       |       ||  2075
         Constrict         |       |       |       |       |   223 |   238 |   281 |   244 |   328 ||  1314
         Scimitar          |       |       |       |       |       |  1093 |   266 |       |     8 ||  1367
         Double sword      |       |       |       |       |       |       |   817 |  1219 |  1939 ||  3975
   Cast: Death Channel     |       |       |       |       |       |       |       |       |    47 ||    47
         Animate Dead      |       |       |       |       |       |       |       |       |    39 ||    39
         Ignition          |       |       |       |       |       |       |       |       |    19 ||    19
         Infestation       |       |       |       |       |       |       |       |       |     5 ||     5
 Invoke: Step From Time    |       |       |       |     2 |       |       |       |     1 |     4 ||     7
         Slouch            |       |       |       |     1 |    13 |     4 |     3 |    10 |    26 ||    57
Ability: Spit Poison       |    26 |    44 |    48 |    27 |    25 |    18 |       |       |     1 ||   189
  Evoke: Wand              |       |       |     5 |     3 |     8 |     8 |       |     1 |     4 ||    29
         Phantom mirror    |       |       |       |       |     1 |       |       |       |     1 ||     2
         Phial of floods   |       |       |       |       |       |       |       |       |     1 ||     1
    Use: Scroll            |       |       |     6 |    10 |    13 |     5 |     5 |     4 |    14 ||    57
         Potion            |       |       |       |       |     1 |     9 |     2 |       |    33 ||    45
   Stab: Paralysed         |       |       |     4 |     4 |       |       |       |       |       ||     8
         Petrified         |       |       |       |     1 |       |       |       |       |       ||     1
         Sleeping          |       |       |       |       |     5 |    11 |     7 |     7 |    13 ||    43
         Invisible         |       |       |       |       |     9 |       |       |       |       ||     9
         Distracted        |       |       |       |       |     1 |     4 |     5 |    14 |    49 ||    73
         Confused          |       |       |       |       |       |     2 |       |       |     3 ||     5
 Armour: Robe              |     2 |       |       |       |       |       |       |       |       ||     2
         Leather armour    |    10 |    26 |       |       |       |       |       |       |       ||    36
         Ring mail         |       |     9 |   110 |   113 |       |       |       |       |       ||   232
         Troll leather arm |       |       |       |    73 |   183 |       |       |       |       ||   256
         Fire dragon scale |       |       |       |       |    56 |    40 |       |       |       ||    96
         Chain mail        |       |       |       |       |    31 |   387 |   195 |   272 |   443 ||  1328
         Gold dragon scale |       |       |       |       |       |       |       |       |   186 ||   186
         Skin              |       |       |       |       |       |       |       |       |     2 ||     2
  Dodge: Dodged            |    39 |    69 |   119 |   573 |   979 |   965 |   762 |  1025 |  1860 ||  6391
         Repelled          |       |       |       |       |     1 |    10 |    29 |    18 |       ||    58
  Block: Tower shield      |       |       |       |       |   117 |  1743 |  1529 |  1920 |  2830 ||  8139
         Buckler           |       |       |       |       |       |       |       |       |   149 ||   149
Riposte: Scimitar          |       |       |       |       |       |       |       |       |     2 ||     2

Levels and vault maps discovered:
D:1:      scummos_arrival_simple_fountains, layout_loops_corners, serial_shops,
          nicolae_shop_trees
D:2:      layout_loops_ring, minmay_3d_cube
D:3:      layout_loops_corners, serial_shops, shop, basic_ecumenical_altar,
          portal_sewer_entry_e, uniq_natasha
D:4:      layout_cave_pods
D:5:      corexii_shantytown, layout_cave_pools,
          minmay_temple_entry_antechambers, grunt_ministairs_13,
          minmay_misc_feat_plants
D:6:      layout_loops_ring, roderic_batcave
D:7:      layout_basic, serial_shops, shop, nicolae_shop_bloodbath_and_beyond,
          hellmonk_bongcloud_opening
D:8:      layout_loops_ring, due_lair_maze_entry_diamond
D:9:      layout_cave_pools
D:10:     layout_roguey, hangedman_ru_absence, mainiacjoe_overflow_big_doors
D:11:     layout_long_grid
D:12:     layout_irregular_city, david_orc_5, portal_ice_cave_rime,
          minmay_between, uniq_psyche
D:13:     layout_roguey
D:14:     layout_loops_ring, ximxim_vaults_locker_room, minmay_crystal_room,
          nicolae_shop_i_like_small_books_too, uniq_louise
D:15:     grunt_enter_depths_hoard, layout_cross, grunt_gozag_statues,
          okawaru_metal_pillars_1_2, uniq_kirke, uniq_azrael, uniq_rupert
Temple:   hellmonk_temple_of_storms
Lair:1:   layout_long_grid, uniq_sonja
Lair:2:   layout_gridlike, beast_lair_carwin_6
Lair:3:   layout_hall_layers, palyth_hydra_swamp_entry,
          nicolae_spider_entry_tight_spaces, lemuel_fruit_fields,
          serial_bayou_shore_b, uniq_gastronok
Lair:4:   layout_loops_ring, basic_altar, gammafunk_ghost_berserking_beasts,
          infiniplex_staircase_pool, uniq_nessos
Lair:5:   minmay_lair_end_frog_pond, layout_regular_city, slime_entry_1,
          gauntlet_entry_generic, serial_rivers, chequers_serial_rivers_micro_a,
          chequers_serial_rivers_small_b, chequers_serial_rivers_large_b,
          chequers_serial_rivers_micro_e, chequers_serial_rivers_micro_d,
          chequers_serial_rivers_micro_e
Swamp:1:  layout_falls_marsh, evilmike_swamp_ruin_rubble_1, uniq_roxanne
Swamp:2:  cheibrodos_swamp_tower_of_moss, layout_falls_marsh,
          nicolae_swamp_some_circles
Swamp:3:  layout_falls_marsh, evilmike_swamp_ruin_house_4, swamp_pool1,
          nicolae_swamp_treefoil, infiniplex_staircase_pool_2
Swamp:4:  swamp_basic_johnstein, layout_basic_swamp, swamp_pool2,
          cheibrodos_swamp_witchery
Spider:1: layout_cave_pods
Spider:2: layout_spider_delve, uniq_arachne
Spider:3: layout_spider_delve, uniq_donald
Spider:4: johnstein_spider_rune_arachne_lair, nicolae_spider_jagged_tunnels
Slime:1:  nicolae_slime_infinislime, layout_caves
Slime:2:  cheibrodos_slime_lost_civilization_1, layout_caves,
          dissolution_awaits, uniq_dissolution
Slime:3:  layout_caves
Slime:4:  nicolae_slime_jelly_donut, layout_caves
Slime:5:  slime_pit_nicolae_inversion
Orc:1:    layout_caves, uniq_jorgrun
Orc:2:    st_orc_town, layout_caves, ebering_ghost_xom, serial_shops, shop,
          basic_altar
Elf:1:    minmay_elf_arrival_circle, layout_gridlike, orc_legates,
          nicolae_elf_w_pinch
Elf:2:    elven_hall_of_blades_hangedman_original [nicolae_blade_lattice],
          layout_rooms, abandoned_shop, minmay_the_grid_2x2
          [minmay_the_grid_plusring, minmay_the_grid_all_tris,
          minmay_the_grid_minigrid_small_alt,
          minmay_the_grid_prize_shrinking_boxes]
Elf:3:    minmay_elf_hall_circle, layout_geoelf_grid, serial_shops,
          nicolae_shop_tiny_glass, serial_glass, glass_columns_a,
          glass_columns_a, glass_columns_b, glass_columns_a, glass_columns_a,
          glass_columns_a, glass_columns_b, glass_columns_a
Vaults:1: hangedman_vaults_corner_blocks, hangedman_vaults_stagger,
          nicolae_vaults_cochlea, nicolae_vaults_diamond_2,
          nicolae_vaults_heart-shaped_vault, nicolae_vaults_display_case,
          vaults_dpeg_emergency_exit, layout_vaults_big_room, serial_shops, shop
Vaults:2: minmay_crypt_entry_simple_plaza, nicolae_vaults_house_1,
          v_alt_pattern_4, vaults_room_pools, v_misc_16, v_misc_10,
          nicolae_vaults_trapezoid_lopsided_3, nicolae_vaults_trapezoid_2,
          nicolae_vaults_heart-shaped_vault, layout_vaults_omnigrid,
          uniq_margery
Vaults:3: nicolae_vaults_fighting_squares, vaults_room_door_hall,
          nicolae_vaults_closet_pinwheel_3, vaults_dpeg_ring,
          nicolae_vaults_network_star, vaults_room_pools,
          nicolae_vaults_storage_closets_1, vaults_mumra_chevron, v_rooms_6,
          vaults_standard_mumra_x, nicolae_vaults_offset_grid_hallway_4,
          nicolae_vaults_diamond_2, vaults_room_ringed_pool,
          ontoclasm_vaults_loading_screen, nicolae_vaults_house_2,
          layout_vaults_omnibox
Vaults:4: portal_desolation_entry_salt, v_misc_30,
          nicolae_vaults_windows_and_doors_thing, ontoclasm_vaults_fault,
          st_cross, hangedman_vaults_slither, nicolae_vaults_diagonal_hallway_8,
          nicolae_vaults_cornered_office, vaults_mumra_hex,
          ontoclasm_vaults_tryst, v_misc_31, nicolae_vaults_tetromino_L_1,
          nicolae_vaults_tetromino_Z_1, layout_vaults_maze_snakey, uniq_aizul
Vaults:5: serial_shops, uniq_sojobo
Crypt:1:  layout_regular_city, minmay_misc_feat_alley,
          roderic_lattice_octagonal_star, uniq_khufu, uniq_bai_suzhen
Crypt:2:  layout_basic
Crypt:3:  grunt_crypt_end_deaths_head, uniq_josephina, uniq_boris, uniq_zenata
Depths:1: layout_long_grid, hangedman_decor_peaks_small, hell_entry,
          ebering_ghost_gozag, nicolae_water_bricks, drop_trap, tgw_trog,
          uniq_nikola
Depths:2: kennysheep_windowed_halls, layout_long_grid,
          grunt_hell_entry_dis_grunt, serial_shops, bzr_entry_water,
          rand_demon_pan_entry_7, xom_teletrap_fun
Depths:3: hangedman_arch_fort, layout_gridville, enter_ziggurat_b,
          abyss_entry_glasseish, minmay_staircase_windowed_large,
          hangedman_coc_ice_floe, reono_crystal_passage, minmay_shoptagon,
          uniq_parghit, uniq_jory
Depths:4: grunt_zot_entry_bicorn, layout_small_grid, rand_demon_pan_entry_4,
          gammafunk_ghost_arena, nicolae_hepliaklqana_hippocampus,
          pf_vacation_house_of_asmodeus, nicolae_trove_entry_path_of_doom,
          tso_oasis_becter
Hell
Zot:1:    layout_misc_corridors, hellmonk_ghost_big_iron, grunt_megastairs_3
Zot:2:    layout_misc_corridors, skrybe_zot_glass_1
Zot:3:    kennysheep_blocky_room, layout_misc_corridors, grunt_ministairs_6,
          kennysheep_underground_church
Zot:4:    layout_gridlike, st_large_dragon_hoard_3
Zot:5:    layout_twisted_circle, drop_trap
Zig:16

Notes
Turn   | Place    | Note
-------+----------+-------------------------------------------
     0 | D:1      | initializr the Naga Monk began the quest for the Orb.
     0 | D:1      | Reached XP level 1. HP: 21/21 MP: 1/1
    82 | D:1      | You fall into a shaft and drop 1 floor!
   211 | D:2      | Reached XP level 2. HP: 15/28 MP: 2/2
   640 | D:1      | Reached XP level 3. HP: 34/34 MP: 3/3
   788 | D:1      | Reached skill level 4 in Long Blades
   800 | D:1      | You pick up a book of Dangerous Friends and begin
                  | reading...
   800 | D:1      | You add the spells Summon Guardian Golem, Orb of
                  | Destruction and Spellforged Servitor to your library.
  1045 | D:1      | Found Liedear's Weapon Boutique.
  1243 | D:2      | Reached XP level 4. HP: 41/43 MP: 4/4
  1907 | D:3      | Found a faded altar of an unknown god.
  1996 | D:3      | Found a glowing drain.
  2006 | Sewer    | Entered a sewer
  2087 | Sewer    | Reached skill level 4 in Fighting
  2112 | Sewer    | Reached XP level 5. HP: 47/50 MP: 5/5
  2178 | Sewer    | Reached skill level 5 in Long Blades
  2252 | Sewer    | Identified the +8 short sword "Plog" {elec, rElec}
  2556 | D:3      | Noticed Natasha
  2560 | D:3      | Killed Natasha
  2561 | D:3      | Reached XP level 6. HP: 53/58 MP: 6/6
  2680 | D:3      | Identified the +1 leather armour of Hijeghyl {rC+}
  2746 | D:3      | Noticed Natasha
  2748 | D:3      | Found Bodd's Book Shop.
  2754 | D:3      | Killed Natasha
  3197 | D:4      | Reached skill level 6 in Long Blades
  3351 | D:4      | You pick up a book of Hexes and begin reading...
  3351 | D:4      | You add the spells Anguish, Cause Fear and Enfeeble to your
                  | library.
  3458 | D:4      | Reached skill level 1 in Short Blades
  3612 | D:4      | Reached skill level 5 in Fighting
  3642 | D:4      | You add the spells Malign Gateway and Summon Horrible
                  | Things to your library.
  3666 | D:4      | Reached skill level 2 in Short Blades
  3666 | D:4      | Reached XP level 7. HP: 67/67 MP: 7/7
  4010 | D:5      | Entered Level 5 of the Dungeon
  4019 | D:5      | Reached skill level 3 in Short Blades
  4097 | D:5      | Reached skill level 4 in Short Blades
  4208 | D:5      | Reached XP level 8. HP: 66/76 MP: 8/8
  4251 | D:5      | Reached skill level 6 in Fighting
  4251 | D:5      | Reached skill level 5 in Short Blades
  4599 | D:5      | Found a staircase to the Ecumenical Temple.
  4608 | Temple   | Entered the Ecumenical Temple
  4613 | Temple   | Reached skill level 6 in Short Blades
  4714 | Temple   | Became a worshipper of Cheibriados the Contemplative
  4714 | Temple   | Reached * piety under Cheibriados
  4714 | Temple   | Reached ** piety under Cheibriados
  4975 | D:5      | Reached *** piety under Cheibriados
  5357 | D:6      | Reached skill level 7 in Fighting
  5357 | D:6      | Reached skill level 7 in Short Blades
  5470 | D:6      | Reached **** piety under Cheibriados
  5569 | D:6      | Reached XP level 9. HP: 82/86 MP: 9/9
  5645 | D:6      | You pick up a book of Necromancy and begin reading...
  5645 | D:6      | You add the spells Necrotise, Vampiric Draining and Agony
                  | to your library.
  6327 | D:7      | Reached skill level 8 in Short Blades
  6423 | D:7      | Found Lagoifa's Assorted Antiques.
  6428 | D:7      | Bought a scroll labelled SODGHU GUKHI for 29 gold pieces
  6428 | D:7      | Bought a scroll of identify for 58 gold pieces
  6428 | D:7      | Bought a green potion for 26 gold pieces
  6512 | D:7      | Found Osublo's Weapon Emporium.
  6610 | D:7      | Noticed a hornet
  6614 | D:7      | Killed a hornet
  6615 | D:7      | Reached skill level 8 in Fighting
  6624 | D:7      | Reached skill level 9 in Short Blades
  7115 | D:8      | Reached skill level 9 in Fighting
  7128 | D:8      | Reached XP level 10. HP: 99/99 MP: 10/10
  7181 | D:8      | Reached skill level 10 in Fighting
  7184 | D:8      | Reached ***** piety under Cheibriados
  7185 | D:8      | Reached skill level 1 in Invocations
  7319 | D:8      | Found a staircase to the Lair.
  7329 | D:8      | Reached skill level 1 in Armour
  7329 | D:8      | Reached skill level 2 in Invocations
  7461 | D:8      | Noticed a two-headed ogre
  7468 | D:8      | Killed a two-headed ogre
  7469 | D:8      | Reached skill level 3 in Dodging
  7469 | D:8      | Reached skill level 3 in Invocations
  7477 | D:8      | Reached skill level 2 in Armour
  7477 | D:8      | Reached skill level 4 in Invocations
  7996 | D:9      | You pick up a book of Debilitation and begin reading...
  7996 | D:9      | You add the spells Slow and Confusing Touch to your
                  | library.
  8045 | D:9      | Reached skill level 5 in Invocations
  8087 | D:9      | Reached skill level 3 in Armour
  8087 | D:9      | Reached skill level 4 in Dodging
  8093 | D:9      | Reached skill level 6 in Invocations
  8098 | D:9      | Reached XP level 11. HP: 76/108 MP: 15/15
  8594 | D:10     | Entered Level 10 of the Dungeon
  8627 | D:10     | Noticed a manticore
  8637 | D:10     | Killed a manticore
  8638 | D:10     | Reached skill level 7 in Invocations
  8734 | D:10     | Found a sacrificial altar of Ru.
  8876 | D:10     | Found a hazy altar of Hepliaklqana.
  9086 | D:10     | Paralysed by an orc wizard for 2 turns
  9425 | D:10     | Found an iron altar of Okawaru.
  9495 | D:11     | Reached skill level 4 in Armour
  9501 | D:11     | Reached ****** piety under Cheibriados
  9559 | D:11     | Noticed a cyan ugly thing
  9559 | D:11     | Noticed a skeletal warrior
  9559 | D:11     | Noticed a skeletal warrior
  9572 | D:11     | Reached skill level 8 in Invocations
  9689 | D:11     | Killed a skeletal warrior
  9690 | D:11     | Reached skill level 5 in Dodging
  9690 | D:11     | Noticed a skeletal warrior
  9703 | D:11     | Killed a skeletal warrior
  9714 | D:11     | HP: 19/108 [skeletal warrior/+0 glaive (19)]
  9716 | D:11     | Killed a skeletal warrior
 10080 | D:11     | Noticed a boulder beetle
 10085 | D:11     | Killed a boulder beetle
 10086 | D:11     | Reached skill level 9 in Invocations
 10094 | D:11     | Noticed an orc knight
 10104 | D:11     | Killed an orc knight
 10116 | D:11     | Reached skill level 5 in Armour
 10735 | D:12     | Noticed a two-headed ogre
 10744 | D:12     | Killed a two-headed ogre
 10745 | D:12     | Reached XP level 12. HP: 96/116 MP: 19/19
 10818 | D:12     | Reached skill level 10 in Invocations
 10830 | D:12     | Reached skill level 6 in Dodging
 10981 | D:12     | Found a staircase to the Orcish Mines.
 11080 | D:12     | Noticed Psyche
 11085 | D:12     | You are cast into the Abyss!
 11085 | Abyss:1  | Found a corrupted altar of Lugonu.
 11085 | Abyss:1  | Found a corrupted altar of Lugonu.
 11085 | Abyss:1  | Cast into level 1 of the Abyss (Psyche)
 11145 | Abyss:1  | Reached skill level 1 in Stealth
 11186 | Abyss:1  | Noticed a tentacled starspawn
 11444 | Abyss:1  | Reached skill level 2 in Stealth
 11469 | Abyss:1  | Reached skill level 3 in Stealth
 11497 | Abyss:1  | Reached skill level 6 in Armour
 11497 | Abyss:1  | Reached skill level 4 in Stealth
 11688 | Abyss:1  | Reached skill level 5 in Stealth
 11688 | Abyss:1  | Noticed a starcursed mass
 11694 | Abyss:1  | Noticed a tentacled starspawn
 11709 | Abyss:1  | Noticed a lich
 11742 | Abyss:1  | Noticed a tentacled starspawn
 11862 | Abyss:1  | Noticed a thrashing horror
 11872 | Abyss:1  | Killed a thrashing horror
 11873 | Abyss:1  | Reached skill level 6 in Stealth
 11895 | Abyss:1  | Noticed a wretched star
 11912 | Abyss:1  | Noticed a tentacled starspawn
 11918 | Abyss:1  | Killed a wretched star
 11919 | Abyss:1  | Reached skill level 7 in Dodging
 11928 | Abyss:1  | Reached skill level 7 in Stealth
 11935 | Abyss:1  | Killed a tentacled starspawn
 11940 | D:12     | You pass through the gate.
 11940 | D:12     | Escaped the Abyss
 11946 | D:12     | Killed Psyche
 12032 | D:12     | Reached skill level 8 in Stealth
 12383 | D:12     | Gained mutation: You can use your snake-like lower body to
                  | constrict enemies. [Naga growth]
 12383 | D:12     | Reached XP level 13. HP: 111/123 MP: 19/19
 12411 | D:12     | Reached skill level 7 in Armour
 12411 | D:12     | Reached skill level 11 in Invocations
 12642 | Lair:1   | Entered Level 1 of the Lair of Beasts
 12691 | Lair:1   | Noticed Sonja
 12696 | Lair:1   | Killed Sonja
 12923 | Lair:1   | HP: 20/123 [death yak (20)]
 12928 | Lair:1   | Reached skill level 8 in Dodging
 13880 | Lair:2   | You fall into a shaft and drop 1 floor!
 14023 | Lair:2   | Reached skill level 8 in Armour
 14034 | Lair:2   | Reached skill level 12 in Invocations
 14818 | Lair:3   | Noticed Gastronok
 14818 | Lair:3   | Gastronok the Ponderous comes into view. He is wearing the
                  | +3 hat of Pondering {ponderous, Will+ MP+10 Int+5}.
 14836 | Lair:3   | Killed Gastronok
 14837 | Lair:3   | Reached skill level 9 in Dodging
 15014 | Lair:3   | Reached XP level 14. HP: 86/132 MP: 19/23
 15031 | Lair:3   | Reached skill level 9 in Armour
 15123 | Lair:3   | Found a hole to the Spider Nest.
 15450 | Lair:3   | Found a staircase to the Swamp.
 15700 | Lair:4   | Reached skill level 13 in Invocations
 15842 | Lair:4   | Found a sacrificial altar of Ru.
 16016 | Lair:4   | Found a transporter.
 16033 | Lair:4   | Noticed Nessos
 16045 | Lair:4   | Killed Nessos
 16171 | Lair:4   | Found a transporter.
 16174 | Lair:4   | Noticed Magasuts's ghost (journeyman GnFi)
 16538 | Lair:5   | Entered Level 5 of the Lair of Beasts
 16759 | Lair:5   | Reached skill level 7 in Long Blades
 16773 | Lair:5   | Found a viscous altar of Jiyva.
 16775 | Lair:5   | Found a staircase to the Slime Pits.
 16862 | Lair:5   | Reached skill level 10 in Dodging
 17228 | Lair:5   | Reached skill level 8 in Long Blades
 17228 | Lair:5   | Reached skill level 10 in Armour
 17228 | Lair:5   | Reached skill level 14 in Invocations
 17970 | Orc:1    | Entered Level 1 of the Orcish Mines
 17970 | Orc:1    | Noticed Jorgrun
 17970 | Orc:1    | Noticed an orc warlord
 17976 | Orc:1    | Reached skill level 9 in Long Blades
 17976 | Orc:1    | Reached XP level 15. HP: 138/138 MP: 24/25
 17977 | Orc:1    | Killed Jorgrun
 17980 | Orc:1    | Killed an orc warlord
 18229 | Orc:2    | Entered Level 2 of the Orcish Mines
 18240 | Orc:2    | Found a staircase to the Elven Halls.
 18266 | Orc:2    | Found Gutic's General Store.
 18266 | Orc:2    | Found Icoiph's General Store.
 18269 | Orc:2    | Reached skill level 10 in Long Blades
 18276 | Orc:2    | HP: 32/138 [orc priest/divine providence (9)]
 18283 | Orc:2    | HP: 22/138 [orc high priest/divine providence (11)]
 18683 | Orc:2    | Bought a potion of heal wounds for 75 gold pieces
 18683 | Orc:2    | Bought a scarf of repulsion for 180 gold pieces
 18683 | Orc:2    | Bought a scroll of butterflies for 60 gold pieces
 18784 | Orc:2    | Reached skill level 1 in Shields
 19029 | Orc:2    | Found Xeurrop's Book Boutique.
 19029 | Orc:2    | Found Ceniuk's Distillery.
 19043 | Orc:2    | Bought a potion of heal wounds for 85 gold pieces
 19043 | Orc:2    | Bought a potion of curing for 51 gold pieces
 19043 | Orc:2    | Bought a potion of invisibility for 136 gold pieces
 19043 | Orc:2    | Bought a potion of might for 68 gold pieces
 19147 | Orc:2    | Found Jeoteun's Armour Shoppe.
 19259 | Orc:2    | Found a runed translucent door.
 19261 | Orc:2    | Found a shimmering altar of Xom.
 19261 | Orc:2    | Noticed GrimJard's ghost (journeyman TrFi)
 19923 | Orc:2    | Bought the +1 fire dragon scales "Mudghesh" {rF++ rC- Will+
                  | Regen+ Dex+2 Slay+2} for 1082 gold pieces
 20104 | D:13     | Reached skill level 2 in Shields
 20707 | D:14     | Reached skill level 3 in Shields
 20874 | D:14     | Reached skill level 4 in Shields
 20944 | D:14     | Noticed Louise
 20967 | D:14     | Killed Louise
 20968 | D:14     | Reached skill level 11 in Long Blades
 20988 | D:14     | a +2 eveningstar of protection {rare}; a +0 plate armour;
                  | the human corpse of Louise
 21154 | D:14     | Found a gate to the Vaults.
 21319 | D:14     | Reached skill level 5 in Shields
 21359 | D:14     | Found Fihaobb's Tiny Tomes.
 21521 | D:15     | Entered Level 15 of the Dungeon
 21672 | D:15     | Noticed Rupert
 21673 | D:15     | Noticed Kirke
 21686 | D:15     | Killed Rupert
 21699 | D:15     | Killed Kirke
 21700 | D:15     | Reached skill level 11 in Fighting
 21703 | D:15     | Reached skill level 6 in Shields
 21740 | D:15     | Found an opulent altar of Gozag.
 21756 | D:15     | Noticed Azrael
 21776 | D:15     | Killed Azrael
 21777 | D:15     | Reached XP level 16. HP: 150/150 MP: 26/26
 22071 | D:15     | Found an iron altar of Okawaru.
 22132 | D:15     | Reached skill level 7 in Shields
 22183 | D:15     | Found a staircase to the Depths.
 22683 | Swamp:1  | Entered Level 1 of the Swamp
 22685 | Swamp:1  | Noticed Roxanne
 22779 | Swamp:1  | Killed Roxanne
 22841 | Swamp:1  | You pick up a book of Sloth and begin reading...
 22841 | Swamp:1  | You add the spells Petrify, Metabolic Englaciation and
                  | Statue Form to your library.
 23100 | Swamp:1  | Identified the +5 chain mail "Miywiyff" {-Cast rN+ rCorr
                  | Dex+3}
 23158 | Swamp:2  | Noticed a thorn hunter
 23169 | Swamp:2  | Killed a thorn hunter
 23169 | Swamp:2  | HP: 16/151 [constriction (23)]
 23179 | Swamp:2  | Reached skill level 12 in Long Blades
 23180 | Swamp:2  | HP: 31/151 [hornet[a shambling mangrove] (9)]
 23410 | Swamp:2  | Reached skill level 8 in Shields
 23814 | Swamp:2  | Noticed a thorn hunter
 23824 | Swamp:2  | Killed a thorn hunter
 24231 | Swamp:3  | Reached skill level 12 in Fighting
 24490 | Swamp:3  | Reached skill level 9 in Shields
 24773 | Swamp:4  | Entered Level 4 of the Swamp
 24773 | Swamp:4  | Noticed a tentacled monstrosity
 24798 | Swamp:3  | Killed a tentacled monstrosity
 25424 | Swamp:4  | Reached XP level 17. HP: 102/162 MP: 27/27
 25595 | Swamp:4  | Reached skill level 10 in Shields
 25733 | Swamp:4  | Reached skill level 13 in Fighting
 25949 | Swamp:4  | Got a decaying rune of Zot
 25987 | Swamp:4  | Reached skill level 14 in Fighting
 26474 | Lair:4   | HP: 38/166 [Magasuts's ghost (11)]
 26502 | Lair:4   | Killed Magasuts's ghost
 26692 | Lair:4   | Identified the ring of Holuerheigh {Will+ Int+2 Dex+3}
 26703 | Lair:4   | You pick up a book of the Hunter and begin reading...
 26703 | Lair:4   | You add the spells Call Canine Familiar, Portal Projectile
                  | and Leda's Liquefaction to your library.
 26985 | Orc:2    | Killed GrimJard's ghost
 27237 | Spider:1 | Entered Level 1 of the Spider Nest
 28097 | Spider:2 | Reached skill level 15 in Fighting
 28349 | Spider:2 | Noticed Arachne
 28361 | Spider:2 | Killed Arachne
 28807 | Spider:2 | You pick up a book of Winter and begin reading...
 28807 | Spider:2 | You add the spells Ozocubu's Armour and Simulacrum to your
                  | library.
 29440 | Spider:3 | Noticed Donald
 29459 | Spider:3 | Killed Donald
 29659 | Spider:3 | Reached XP level 18. HP: 178/178 MP: 28/28
 29846 | Spider:3 | Identified the +4 quarterstaff "Grim Tooth" {drain, Int+2
                  | Dex+4}
 29974 | Spider:4 | Entered Level 4 of the Spider Nest
 30327 | Spider:4 | Reached skill level 11 in Shields
 30633 | Spider:4 | Reached skill level 11 in Armour
 30636 | Spider:4 | Reached skill level 11 in Dodging
 31005 | Spider:4 | Reached skill level 16 in Fighting
 31165 | Spider:4 | You pick up a book of the Tundra and begin reading...
 31165 | Spider:4 | You add the spells Hailstorm and Ice Form to your library.
 31545 | Spider:4 | Got a gossamer rune of Zot
 31566 | Spider:4 | You pick up a book of Misfortune and begin reading...
 31566 | Spider:4 | You add the spells Inner Flame and Yara's Violent
                  | Unravelling to your library.
 32264 | Elf:1    | Entered Level 1 of the Elven Halls
 32498 | Elf:1    | Paralysed by an air elemental for 1 turns
 32630 | Elf:1    | Identified the +0 plate armour "Xash" {rC+ Int+2}
 32744 | Elf:1    | Reached skill level 12 in Shields
 32766 | Elf:1    | Reached XP level 19. HP: 178/189 MP: 29/29
 33057 | Elf:1    | Noticed an Ice Fiend
 33216 | Elf:1    | Identified the +8 great sword of Lichuroh {drain, rPois
                  | rCorr Int-5}
 33230 | Elf:1    | Found a runed translucent gate.
 33230 | Elf:1    | Found a runed translucent gate.
 33230 | Elf:1    | Found a runed translucent gate.
 33230 | Elf:1    | Found a runed translucent gate.
 33230 | Elf:1    | Found a runed translucent gate.
 33345 | Elf:1    | Found a runed translucent gate.
 33561 | Elf:2    | Paralysed by an air elemental for 1 turns
 33865 | Elf:2    | Paralysed by an air elemental for 1 turns
 34009 | Elf:2    | Identified the +9 long sword of the Dove {speed, *Rage rF+
                  | Will+ Dex+3}
 34135 | Elf:2    | You pick up a book of the Dragon and begin reading...
 34135 | Elf:2    | You add the spells Dragon Form and Dragon's Call to your
                  | library.
 34135 | Elf:2    | You add the spells Summon Small Mammal, Call Imp, Monstrous
                  | Menagerie and Lehudib's Crystal Spear to your library.
 34135 | Elf:2    | Got Etzobb's Quarto of the Terrestrial Gang
 34359 | Elf:2    | Found a runed translucent gate.
 34359 | Elf:2    | Found a runed translucent gate.
 34360 | Elf:2    | Found a runed translucent gate.
 34657 | Elf:2    | Reached skill level 12 in Armour
 34662 | Elf:2    | Reached skill level 13 in Shields
 34672 | Elf:2    | Reached skill level 12 in Dodging
 35224 | Elf:2    | d - a +6 double sword of flaming {rare}
 35225 | Elf:2    | your +6 double sword of flaming {rare} bursts into flame!
 35225 | Elf:2    | d - a +6 double sword of flaming (weapon) {rare}
 35226 | Elf:2    | your +6 double sword of flaming {rare} glows red for a
                  | moment.
 35227 | Elf:2    | your +7 double sword of flaming {rare} glows red for a
                  | moment.
 35228 | Elf:2    | your +8 double sword of flaming {rare} glows red for a
                  | moment.
 35270 | Elf:3    | Entered Level 3 of the Elven Halls
 35538 | Elf:3    | Found Nutits's Book Shoppe.
 35834 | Elf:3    | Your damage rating with your +9 double sword of flaming
                  | {rare} is about 54 (Base 15 x 170% (Dex) x 164% (Skill) +
                  | 13 (Ench + Slay)).
 36011 | Elf:3    | Reached skill level 17 in Fighting
 36189 | Elf:3    | Reached skill level 13 in Long Blades
 36408 | Elf:3    | Reached XP level 20. HP: 182/201 MP: 30/30
 36423 | Elf:3    | Identified the +0 buckler "Vefam" {rPois rN+ Str+3}
 37085 | Elf:3    | Identified the staff "Concordance" {rF- Dex+3 SInv Conj}
 37088 | Elf:3    | You add the spells Sticky Flame, Iskenderun's Mystic Blast
                  | and Haunt to your library.
 37088 | Elf:3    | Got Sif Muna's Octavo of Rallying and Conflict
 37103 | Elf:3    | You pick up a book of Air and begin reading...
 37103 | Elf:3    | You add the spells Shock, Swiftness and Airstrike to your
                  | library.
 37119 | Elf:3    | Reached skill level 14 in Shields
 37122 | Elf:3    | You pick up a book of Chaos and begin reading...
 37122 | Elf:3    | You add the spells Conjure Ball Lightning, Disjunction and
                  | Discord to your library.
 37125 | Elf:3    | Identified the +0 cloak of Indemnity {rElec rF+ Dex+3 SInv}
 37144 | Elf:3    | Identified the +7 chain mail "Esher" {rN+ Str-5 Int-5
                  | Dex+8}
 37147 | Elf:3    | You add the spells Leda's Unmaking and Eringya's Noxious
                  | Bog to your library.
 37147 | Elf:3    | Got the Book of the Switch and the Geologist
 37152 | Elf:3    | Got Zeyggi's Spellbook of Grisly Hexes
 37158 | Elf:3    | Identified the staff "Hidas" {Fragile Int+2 Dex+3 Stlth+
                  | Earth}
 37160 | Elf:3    | You add the spells Mephitic Cloud, Summon Cactus Giant and
                  | Fire Storm to your library.
 37160 | Elf:3    | Got the Codex of Liberalism
 37169 | Elf:3    | You pick up a book of Cantrips and begin reading...
 37350 | D:12     | Your damage rating with your +9 double sword of flaming
                  | {rare} is about 59 (Base 15 x 185% (Dex) x 166% (Skill) +
                  | 13 (Ench + Slay)).
 37412 | Vaults:1 | Entered Level 1 of the Vaults
 37441 | Vaults:1 | You pick up a book of Weapons and begin reading...
 37441 | Vaults:1 | You add the spells Tukima's Dance and Blade Hands to your
                  | library.
 37500 | Vaults:1 | Found Wilik's Weapon Emporium.
 37592 | Vaults:1 | You pick up a book of the Moon and begin reading...
 37592 | Vaults:1 | You add the spells Passage of Golubria and Silence to your
                  | library.
 37868 | Vaults:1 | You pick up a book of the Earth and begin reading...
 38370 | Vaults:2 | Reached skill level 14 in Long Blades
 38389 | Vaults:2 | Identified the +1 cloak of the Kettle-Drum {Int+4 Slay-2}
 38607 | Vaults:2 | Found a staircase to the Crypt.
 38677 | Vaults:2 | Noticed Margery
 38693 | Vaults:2 | Killed Margery
 38697 | Vaults:2 | HP: 47/201 [hell knight/+2 halberd of distortion[Margery]
                  | (4)]
 39466 | Vaults:2 | Reached XP level 21. HP: 207/210 MP: 31/31
 40103 | Vaults:3 | Reached skill level 13 in Armour
 40112 | Vaults:3 | Gained mutation: You are frail. (-10% HP) [mutagenic glow]
 40120 | Vaults:3 | Gained mutation: You are weak. (Str -2) [mutagenic glow]
 40125 | Vaults:3 | Gained mutation: You are very weak. (Str -4) [mutagenic
                  | glow]
 40148 | Vaults:3 | Reached skill level 15 in Shields
 40345 | Vaults:3 | Reached skill level 13 in Dodging
 40358 | Vaults:3 | Reached skill level 15 in Long Blades
 40394 | Vaults:3 | You pick up a book of Touch and begin reading...
 40394 | Vaults:3 | You add the spells Kiss of Death and Dispel Undead to your
                  | library.
 40459 | Vaults:3 | HP: 33/189 [deep troll[an ironbound preserver] (19)]
 40512 | Vaults:3 | Reached skill level 18 in Fighting
 41202 | Vaults:3 | You add the spells Summon Forest and Summon Hydra to your
                  | library.
 41467 | Vaults:4 | Noticed a golden dragon
 41480 | Vaults:4 | Killed a golden dragon
 41536 | Vaults:4 | Found a crumbling gateway.
 41550 | Desolati | Entered the Desolation of Salt
 41647 | Desolati | Reached skill level 16 in Shields
 41700 | Desolati | Identified the +0 flail "Xeis" {antimagic, rF+}
 41743 | Desolati | Reached XP level 22. HP: 180/199 MP: 32/32
 41845 | Desolati | Identified the +2 leather armour of a volcano {Fly MP+9
                  | Dex+6 Stlth-}
 41950 | Desolati | You add the spells Summon Ice Beast and Polar Vortex to
                  | your library.
 41950 | Desolati | Got Sif Muna's Spellbook of Hypothermia and the Fault
 42050 | Desolati | Found the +7 Spriggan's Knife {stab, EV+4 Stlth+}
 42050 | Desolati | Found the +4 skin of Zhor {*Englaciate rC+++ SInv}
 42142 | Desolati | You add the spells Beastly Appendage and Sting to your
                  | library.
 42142 | Desolati | Got Eringya's Thoughts on Poisoning and Transformation
 42364 | Desolati | You add the spells Passwall and Death's Door to your
                  | library.
 42364 | Desolati | Got the Compendium of Horrible Orogeny
 42377 | Desolati | Got the Secrets of Meteoric Violence
 42392 | Desolati | Identified the ring of Doubts {Wiz Will++}
 43624 | Vaults:4 | You pick up a book of Ice and begin reading...
 43681 | Vaults:4 | Reached skill level 14 in Armour
 43731 | Vaults:4 | Noticed Aizul
 43738 | Vaults:4 | Killed Aizul
 43799 | Vaults:4 | Reached skill level 17 in Shields
 43808 | Vaults:4 | Reached skill level 14 in Dodging
 44499 | Depths:1 | Entered Level 1 of the Depths
 44521 | Depths:1 | Noticed Nikola
 44527 | Depths:1 | Reached skill level 19 in Fighting
 44529 | Depths:1 | Killed Nikola
 44829 | Depths:1 | Found a gateway to Hell.
 44832 | Depths:1 | Found a runed translucent gate.
 44833 | Depths:1 | Found a runed translucent gate.
 44834 | Depths:1 | Found a runed translucent gate.
 44834 | Depths:1 | Noticed Deun's ghost (veteran MfIE)
 44835 | Depths:1 | Found an opulent altar of Gozag.
 44923 | Depths:1 | Identified the +5 dagger "Danul" {drain, rPois rC+ Str+3}
 45105 | Depths:1 | Found Abliameh's Assorted Antiques.
 45106 | Depths:1 | Found Kottias's Assorted Antiques.
 45365 | Depths:1 | Found a bloodstained altar of Trog.
 45488 | Depths:2 | Found a shimmering altar of Xom.
 45511 | Depths:2 | Reached XP level 23. HP: 202/208 MP: 33/33
 45533 | Depths:2 | You pick up a book of Beasts and begin reading...
 45538 | Depths:2 | Identified the +4 sling "Dragonbane" {flame, Dex+3}
 45854 | Depths:2 | Found a gateway to a bazaar.
 45934 | Bazaar   | Entered a bazaar
 45934 | Bazaar   | Found Zanum's Distillery.
 45934 | Bazaar   | Found Epued's Armour Shoppe.
 45934 | Bazaar   | Found Roges's Antique Weapon Shop.
 45936 | Bazaar   | Found Rukegg's Magic Scroll Shop.
 45980 | Bazaar   | Bought a scroll of enchant weapon for 60 gold pieces
 45980 | Bazaar   | Bought a scroll of teleportation for 24 gold pieces
 45983 | Bazaar   | Bought the +2 Maxwell's thermic engine {flame, freeze, rev}
                  | for 968 gold pieces
 45983 | Bazaar   | Found the +2 Maxwell's thermic engine {flame, freeze, rev}
 45988 | Bazaar   | Bought a potion of heal wounds for 45 gold pieces
 45988 | Bazaar   | Bought a potion of heal wounds for 45 gold pieces
 45996 | Bazaar   | Bought +1 gold dragon scales for 696 gold pieces
 45997 | Bazaar   | R - +1 gold dragon scales {rare}
 46006 | Bazaar   | Bought 2 potions of curing for 54 gold pieces
 46006 | Bazaar   | Bought a potion of curing for 27 gold pieces
 46027 | Depths:2 | You finish putting on your +1 gold dragon scales {rare}.
 46032 | Depths:2 | You finish taking off your +1 gold dragon scales {rare}.
 46037 | Depths:2 | Your damage rating with your +9 double sword of flaming
                  | {rare} is about 60 (Base 15 x 175% (Dex) x 174% (Skill) +
                  | 15 (Ench + Slay)).
 46047 | Depths:2 | your +9 double sword of flaming {rare} stops flaming.
 46298 | Depths:2 | You are sucked into a shaft and drop 2 floors!
 46298 | Depths:4 | Entered Level 4 of the Depths
 46454 | Depths:3 | Found a one-way gateway to a ziggurat.
 46883 | Depths:3 | Noticed a caustic shrike
 46890 | Depths:3 | Killed a caustic shrike
 46924 | Depths:3 | Identified +6 gold dragon scales
 46924 | Depths:3 | Noticed Parghit
 46948 | Depths:3 | Killed Parghit
 46970 | Depths:3 | 4 large rocks {=f}; +6 gold dragon scales {rare}
 46975 | Depths:3 | 4 large rocks {=f}; +6 gold dragon scales {rare}
 46975 | Depths:3 | You drop +1 gold dragon scales {rare}.
 46976 | Depths:3 | R - +6 gold dragon scales {rare}
 47044 | Depths:3 | Identified the +7 arbalest "Pendulum" {flame, Int+3}
 47101 | Depths:3 | Found Quicofro's Armour Shop.
 47101 | Depths:3 | Found Witonwow's Weapon Boutique.
 47179 | Depths:3 | Reached skill level 18 in Shields
 47278 | Depths:3 | Reached skill level 15 in Armour
 47302 | Depths:3 | Noticed a juggernaut
 47309 | Depths:3 | Killed a juggernaut
 47322 | Depths:3 | Noticed a caustic shrike
 47330 | Depths:3 | Killed a caustic shrike
 47331 | Depths:3 | Reached skill level 15 in Dodging
 47425 | Depths:3 | Noticed a golden dragon
 47433 | Depths:3 | Killed a golden dragon
 47598 | Depths:3 | Found a one-way gate to the infinite horrors of the Abyss.
 48366 | Depths:2 | Found a one-way gate leading to the halls of Pandemonium.
 48452 | Depths:2 | Reached skill level 20 in Fighting
 48452 | Depths:2 | Reached XP level 24. HP: 183/219 MP: 33/33
 48703 | Depths:2 | +0 storm dragon scales {rare}; a storm dragon corpse
 48798 | Depths:2 | +0 storm dragon scales {rare}; a storm dragon corpse
 49122 | Depths:4 | Found a transporter.
 49125 | Depths:4 | Noticed Puodgh's ghost (adept MfGl)
 49138 | Depths:4 | Found a gate to the Realm of Zot.
 49144 | Depths:4 | Identified +0 gold dragon scales
 49232 | Depths:4 | Noticed a juggernaut
 49601 | Depths:4 | Found a glowing golden altar of the Shining One.
 49780 | Depths:4 | Killed a juggernaut
 49817 | Depths:4 | Found a transporter.
 49923 | Depths:4 | Found a hazy altar of Hepliaklqana.
 50137 | Depths:4 | Found a portal to a secret trove of treasure.
 50214 | Depths:4 | This trove needs a +8 demon whip to function. Give it the
                  | item?
 50270 | Depths:4 | You drop a +9 double sword of flaming {rare}.
 50277 | Depths:4 | You drop +6 gold dragon scales {rare}.
 50280 | Depths:4 | This trove needs a +8 demon whip to function. Give it the
                  | item?
 50280 | Depths:4 | You paid a toll of a +8 demon whip to enter a treasure
                  | trove
 50281 | Trove    | Entered a treasure trove
 50338 | Trove    | Identified the +1 mace of Quick Death {freeze, rPois MP+9
                  | Str-2 Dex+2}
 50340 | Trove    | Identified the +6 halberd of Wounding {heavy, rElec Will-
                  | MP+9 Str-2}
 50360 | Trove    | Identified the ring "Xahirautz" {Will+ Str+2 Slay+3}
 50362 | Trove    | Identified the amulet "Ylleplakh" {Faith rPois Int+2}
 50364 | Trove    | Identified the ring "Jusir" {Str+6 Int+3 Dex+3 Slay+2}
 50388 | Depths:4 | R - +6 gold dragon scales {rare}
 50736 | Depths:3 | Voluntarily entered the Abyss.
 50928 | Abyss:1  | Noticed a dread lich
 50965 | Abyss:2  | Reached skill level 1 in Necromancy
 51064 | Abyss:2  | Reached skill level 1 in Spellcasting
 51085 | Abyss:2  | Reached skill level 2 in Necromancy
 51087 | Abyss:2  | Gained mutation: Your body sometimes deteriorates upon
                  | taking damage. [a neqoxec]
 51087 | Abyss:2  | Gained mutation: You are clumsy. (Dex -2) [a neqoxec]
 51153 | Abyss:2  | Gained mutation: You are very clumsy. (Dex -4) [a neqoxec]
 51281 | Abyss:2  | Found a shimmering blue altar of Sif Muna.
 51281 | Abyss:2  | Found a shimmering blue altar of Sif Muna.
 51281 | Abyss:2  | Found a shimmering blue altar of Sif Muna.
 51282 | Abyss:2  | Found a shimmering blue altar of Sif Muna.
 51282 | Abyss:2  | Found a glowing golden altar of the Shining One.
 51285 | Abyss:2  | Found a hide-covered altar of Uskayaw.
 51285 | Abyss:2  | Found a radiant altar of Vehumet.
 51285 | Abyss:2  | Found a glowing silver altar of Zin.
 51285 | Abyss:2  | Found a stormy altar of Qazlal.
 51285 | Abyss:2  | Found a hazy altar of Hepliaklqana.
 51286 | Abyss:2  | Found a bloodstained altar of Trog.
 51286 | Abyss:2  | Found a broken altar of Ashenzari.
 51286 | Abyss:2  | Found a blossoming altar of Fedhas.
 51286 | Abyss:2  | Found a white marble altar of Elyvilon.
 51287 | Abyss:2  | Found a shimmering altar of Xom.
 51287 | Abyss:2  | Found a burning altar of Makhleb.
 51292 | Abyss:2  | Found an opulent altar of Gozag.
 51292 | Abyss:2  | Found a snail-covered altar of Cheibriados.
 51292 | Abyss:2  | Found a shadowy altar of Dithmenos.
 51297 | Abyss:2  | Found an iron altar of Okawaru.
 51297 | Abyss:2  | Found an ornate altar of the Wu Jian Council.
 51297 | Abyss:2  | Found a burning altar of Makhleb.
 51297 | Abyss:2  | Found a sacrificial altar of Ru.
 51299 | Abyss:2  | Found a sacrificial altar of Ru.
 51299 | Abyss:2  | Found a basalt altar of Yredelemnul.
 51299 | Abyss:2  | Found a sparkling altar of Nemelex Xobeh.
 51321 | Abyss:2  | Found a bloodstained altar of Trog.
 51327 | Abyss:2  | Reached skill level 3 in Necromancy
 51330 | Abyss:2  | Found a shimmering blue altar of Sif Muna.
 51330 | Abyss:2  | Found a shimmering blue altar of Sif Muna.
 51330 | Abyss:2  | Found a shimmering blue altar of Sif Muna.
 51330 | Abyss:2  | Found a broken altar of Ashenzari.
 51330 | Abyss:2  | Found a shimmering blue altar of Sif Muna.
 51330 | Abyss:2  | Found a shimmering blue altar of Sif Muna.
 51330 | Abyss:2  | Found a shimmering blue altar of Sif Muna.
 51330 | Abyss:2  | Found a shimmering blue altar of Sif Muna.
 51330 | Abyss:2  | Found a broken altar of Ashenzari.
 51330 | Abyss:2  | Found a shimmering blue altar of Sif Muna.
 51368 | Abyss:2  | Reached skill level 2 in Spellcasting
 51377 | Abyss:3  | Noticed a dread lich
 51389 | Abyss:3  | Killed a dread lich
 51393 | Abyss:3  | Reached skill level 4 in Necromancy
 51552 | Abyss:3  | Reached skill level 19 in Shields
 51566 | Abyss:3  | Reached skill level 3 in Spellcasting
 51567 | Abyss:3  | Reached skill level 5 in Necromancy
 51586 | Abyss:3  | Found a corrupted altar of Lugonu.
 51621 | Abyss:3  | Got an abyssal rune of Zot
 51676 | Abyss:3  | Reached skill level 6 in Necromancy
 51681 | Abyss:3  | Paralysed by accursed screaming for 1 turns
 51702 | Depths:3 | You pass through the gate.
 51702 | Depths:3 | Escaped the Abyss
 52109 | Crypt:1  | Entered Level 1 of the Crypt
 52109 | Crypt:1  | Noticed Khufu
 52109 | Crypt:1  | Noticed a royal mummy
 52109 | Crypt:1  | Noticed a royal mummy
 52113 | Crypt:1  | HP: 34/172 [royal mummy/divine providence[Khufu] (14)]
 52411 | Vaults:2 | Killed a royal mummy
 52505 | Vaults:2 | Killed a royal mummy
 52506 | Vaults:2 | Reached skill level 4 in Spellcasting
 52506 | Vaults:2 | Reached XP level 25. HP: 203/203 MP: 33/33
 52533 | Vaults:2 | Lost mutation: You are very clumsy. (Dex -4) [potion of
                  | mutation]
 52533 | Vaults:2 | Lost mutation: You are very weak. (Str -4) [potion of
                  | mutation]
 52533 | Vaults:2 | Lost mutation: You are very frail. (-20% HP) [potion of
                  | mutation]
 52534 | Vaults:2 | Lost mutation: You are weak. (Str -2) [potion of mutation]
 52534 | Vaults:2 | Lost mutation: Your body sometimes deteriorates upon taking
                  | damage. [potion of mutation]
 52534 | Vaults:2 | Lost mutation: You are clumsy. (Dex -2) [potion of
                  | mutation]
 52534 | Vaults:2 | Gained mutation: You are partially covered in iridescent
                  | scales. (AC +2) [potion of mutation]
 52534 | Vaults:2 | Gained mutation: Your magical capacity is low. (-10% MP)
                  | [potion of mutation]
 52592 | Crypt:1  | Killed Khufu
 52730 | Crypt:1  | Reached skill level 7 in Necromancy
 52937 | Crypt:1  | Identified a scroll of acquirement
 53196 | Crypt:1  | Noticed Bai Suzhen
 53210 | Crypt:1  | Killed Bai Suzhen
 53541 | Crypt:2  | You add the spells Cigotuvi's Dreadful Rot and Iskenderun's
                  | Battlesphere to your library.
 53541 | Crypt:2  | Got the Compendium of Combative Virulence
 53628 | Crypt:2  | Reached skill level 8 in Necromancy
 53631 | Crypt:2  | Reached skill level 5 in Spellcasting
 54061 | Crypt:3  | Entered Level 3 of the Crypt
 54295 | Crypt:3  | Reached skill level 9 in Necromancy
 54297 | Crypt:3  | Found a basalt altar of Yredelemnul.
 54420 | Crypt:3  | Reached skill level 6 in Spellcasting
 54603 | Crypt:3  | Noticed Jory
 54604 | Crypt:3  | Identified the ring of Woagennu {Ice Will+ Dex+4}
 54604 | Crypt:3  | Noticed Josephina
 54604 | Crypt:3  | Noticed Boris
 54605 | Crypt:3  | Reached skill level 10 in Necromancy
 54612 | Crypt:3  | Killed Jory
 54624 | Crypt:3  | Killed Josephina
 54630 | Crypt:3  | Killed Boris
 54848 | Crypt:3  | Found a staircase to the Tomb.
 54869 | Crypt:3  | Identified the ring of Incredulity {rF+ rN+ rCorr Dex-5}
 54869 | Crypt:3  | Identified the ring "Ymynuwn" {rC- rN+ Int+4}
 54869 | Crypt:3  | Identified the ring of Traps {rElec rN+ Will+ Int-3 SInv}
 54933 | Crypt:3  | Got Ereshkigal's Notes on Exhumation
 54951 | Crypt:3  | Noticed Zenata
 54960 | Crypt:3  | Killed Zenata
 54967 | Crypt:3  | Reached skill level 7 in Spellcasting
 54967 | Crypt:3  | Reached skill level 11 in Necromancy
 54988 | Crypt:3  | a +4 eveningstar of draining {rare}; a +2 leather armour of
                  | cold resistance; the human corpse of Zenata
 55009 | Crypt:3  | Found the -2 hat of the Alchemist {rElec rPois rF+ rC+ rN+
                  | Will+ rMut rCorr}
 55018 | Crypt:3  | Identified the +6 arbalest "Agrir" {drain, Str+6}
 55020 | Crypt:3  | Acquired the +7 barding of the Enormous God {Slay+3}
 55072 | Crypt:3  | a +4 eveningstar of draining {rare}; a +2 leather armour of
                  | cold resistance; the human skeleton of Zenata
 55180 | Crypt:3  | You pick up a book of Blasting and begin reading...
 55180 | Crypt:3  | You add the spells Volatile Blastmotes and Fulminant Prism
                  | to your library.
 55626 | Vaults:5 | Entered Level 5 of the Vaults
 55636 | Vaults:5 | Reached skill level 20 in Shields
 55636 | Vaults:5 | Reached XP level 26. HP: 250/262 MP: 15/30
 55755 | Vaults:5 | Reached skill level 12 in Necromancy
 55765 | Vaults:5 | Noticed Sojobo
 55773 | Vaults:5 | Killed Sojobo
 55853 | Vaults:5 | Noticed an ancient lich
 55859 | Vaults:5 | Killed an ancient lich
 55860 | Vaults:5 | Reached skill level 8 in Spellcasting
 55866 | Vaults:5 | Identified the ring of Taonlex {Fire Will+ Str+2 Int+3
                  | Slay+3}
 55895 | Vaults:5 | Identified the ring "Pouxid" {rC++ Will+ Int+3 Dex+4
                  | Stlth+}
 55920 | Vaults:5 | Identified the amulet "Idwal" {Acrobat Int+6}
 56001 | Vaults:5 | Noticed a dread lich
 56015 | Vaults:5 | Killed a dread lich
 56087 | Vaults:5 | Identified +0 gold dragon scales
 56088 | Vaults:5 | Reached skill level 13 in Necromancy
 56092 | Vaults:5 | +0 gold dragon scales {rare}; a golden dragon corpse
 56119 | Vaults:5 | Identified the +8 rapier "Rayn" {protect, Will+ Int+2
                  | Dex-3}
 56159 | Vaults:5 | Reached skill level 9 in Spellcasting
 56518 | Vaults:5 | Reached skill level 14 in Necromancy
 56796 | Vaults:5 | Got a silver rune of Zot
 56823 | Vaults:5 | Identified the +4 shortbow "Enureu Xiny" {drain, Str+2}
 56994 | Vaults:5 | Found Umoqoab's Distillery.
 57016 | Vaults:5 | Bought a potion of might for 76 gold pieces
 57016 | Vaults:5 | Bought a potion of curing for 57 gold pieces
 57127 | Vaults:5 | +0 storm dragon scales {rare}; a storm dragon corpse
 57245 | Vaults:5 | You pick up a book of Annihilations and begin reading...
 57245 | Vaults:5 | You add the spells Chain Lightning and Shatter to your
                  | library.
 57248 | Vaults:5 | You add the spells Manifold Assault and Dispersal to your
                  | library.
 57248 | Vaults:5 | Got the Vellum of Geometries
 57831 | Slime:1  | Entered Level 1 of the Pits of Slime
 58191 | Elf:3    | Bought an Everburning Encyclopedia for 504 gold pieces
 58191 | Elf:3    | You add the spells Ignite Poison and Ignition to your
                  | library.
 58191 | Elf:3    | Bought Jorgrun's Almanac of the Quake for 644 gold pieces
 58191 | Elf:3    | Bought a book of Unlife for 504 gold pieces
 58191 | Elf:3    | You pick up a book of Unlife and begin reading...
 58191 | Elf:3    | You add the spells Animate Dead and Death Channel to your
                  | library.
 58196 | Elf:3    | Learned a level 4 spell: Animate Dead
 58203 | Elf:3    | Learned a level 6 spell: Death Channel
 58618 | Slime:2  | Noticed Dissolution
 58620 | Slime:2  | Gained mutation: You sometimes lose your temper in combat.
                  | [a shining eye]
 58629 | Slime:2  | Killed Dissolution
 58633 | Slime:2  | Reached skill level 15 in Necromancy
 58641 | Slime:2  | Reached skill level 10 in Spellcasting
 59838 | Slime:4  | Reached skill level 16 in Necromancy
 60353 | Slime:3  | Reached XP level 27. HP: 271/271 MP: 26/34
 60448 | Slime:5  | Entered Level 5 of the Pits of Slime
 60531 | Slime:5  | Reached skill level 11 in Spellcasting
 60551 | Slime:5  | Found a viscous altar of Jiyva.
 60551 | Slime:5  | Noticed the Royal Jelly
 60718 | Slime:5  | Killed the Royal Jelly
 60777 | Slime:5  | Identified the +0 chain mail of the Jumping Gods {rElec
                  | rC+++ SInv}
 60858 | Slime:5  | You pick up a book of Alchemy and begin reading...
 60858 | Slime:5  | You add the spells Sublimation of Blood and Irradiate to
                  | your library.
 60860 | Slime:5  | Identified the amulet of Nemmaun {Regen+ rCorr Int+2}
 60890 | Slime:5  | Reached skill level 17 in Necromancy
 61036 | Slime:5  | Identified the amulet of Duzukixt {Acrobat rN++ Will-
                  | Int+7}
 61050 | Slime:5  | Identified the +1 plate armour "Qiyf" {rC+ rN+}
 61056 | Slime:5  | Identified the ring "Geze" {rElec rC+ rN+ Will+ Dex+2}
 61313 | Slime:5  | You pick up a book of Storms and begin reading...
 61313 | Slime:5  | You add the spells Static Discharge and Summon Lightning
                  | Spire to your library.
 61315 | Slime:5  | Got a slimy rune of Zot
 61316 | Slime:5  | Identified the +6 battleaxe "Ulyz" {flame, rN+}
 61319 | Slime:5  | You pick up a book of Frost and begin reading...
 61319 | Slime:5  | You add the spells Freeze and Frozen Ramparts to your
                  | library.
 61574 | D:8      | Lost mutation: You are partially covered in iridescent
                  | scales. (AC +2) [potion of mutation]
 61574 | D:8      | Lost mutation: Your magical capacity is low. (-10% MP)
                  | [potion of mutation]
 61574 | D:8      | Lost mutation: You sometimes lose your temper in combat.
                  | [potion of mutation]
 61574 | D:8      | Gained mutation: You are occasionally teleported next to
                  | monsters. [potion of mutation]
 61574 | D:8      | Gained mutation: You are covered in fur. (AC +1) [potion of
                  | mutation]
 61574 | D:8      | Gained mutation: Your natural rate of healing is unusually
                  | fast. [potion of mutation]
 61574 | D:8      | Gained mutation: You are partially covered in iridescent
                  | scales. (AC +2) [potion of mutation]
 61575 | D:8      | Lost mutation: You are partially covered in iridescent
                  | scales. (AC +2) [potion of mutation]
 61575 | D:8      | Lost mutation: Your natural rate of healing is unusually
                  | fast. [potion of mutation]
 61575 | D:8      | Lost mutation: You are covered in fur. (AC +1) [potion of
                  | mutation]
 61575 | D:8      | Gained mutation: You are dopey. (Int -2) [potion of
                  | mutation]
 61575 | D:8      | Gained mutation: You occasionally lose the ability to drink
                  | potions when taking damage. [potion of mutation]
 61575 | D:8      | Gained mutation: You can exhale a cloud of poison. [potion
                  | of mutation]
 61576 | D:8      | Lost mutation: You can exhale a cloud of poison. [potion of
                  | mutation]
 61576 | D:8      | Lost mutation: You occasionally lose the ability to drink
                  | potions when taking damage. [potion of mutation]
 61577 | D:8      | Lost mutation: You are occasionally teleported next to
                  | monsters. [potion of mutation]
 61577 | D:8      | Lost mutation: You are dopey. (Int -2) [potion of mutation]
 61577 | D:8      | Gained mutation: You do not regenerate when monsters are
                  | visible. [potion of mutation]
 61577 | D:8      | Gained mutation: You are somewhat resistant to further
                  | mutation. [potion of mutation]
 61578 | D:8      | Lost mutation: You are somewhat resistant to further
                  | mutation. [potion of mutation]
 61578 | D:8      | Lost mutation: You do not regenerate when monsters are
                  | visible. [potion of mutation]
 61578 | D:8      | Gained mutation: Your spells are a little harder to cast,
                  | but a little more powerful. [potion of mutation]
 61578 | D:8      | Gained mutation: You are partially covered in iridescent
                  | scales. (AC +2) [potion of mutation]
 61578 | D:8      | Gained mutation: You are weak. (Str -2) [potion of
                  | mutation]
 61918 | Zot:1    | Entered Level 1 of the Realm of Zot
 62099 | Zot:1    | Noticed an electric golem
 62115 | Zot:1    | Noticed Flapstick's ghost (legendary HaBe)
 62116 | Zot:1    | Killed an electric golem
 62146 | Zot:1    | Found a runed translucent door.
 62147 | Zot:1    | Found the +2 hat of the Bear Spirit {Spirit, Bear, *Rage
                  | Will++}
 62153 | Zot:1    | Reached skill level 12 in Spellcasting
 62161 | Zot:1    | Reached skill level 18 in Necromancy
 62199 | Zot:1    | Identified the +1 scale mail of Music {*Slow rC++ rCorr
                  | Dex+3}
 62455 | Zot:2    | Noticed an electric golem
 62462 | Zot:2    | Noticed a curse toe
 62465 | Zot:2    | Killed an electric golem
 62467 | Zot:2    | Killed a curse toe
 62686 | Zot:1    | Reached skill level 19 in Necromancy
 63148 | Zot:2    | Reached skill level 13 in Spellcasting
 63363 | Zot:3    | quicksilver dragon scales {rare}; a quicksilver dragon
                  | corpse; a quicksilver dragon corpse
 63498 | Zot:3    | quicksilver dragon scales {rare}; a quicksilver dragon
                  | corpse
 63628 | Zot:3    | Reached skill level 20 in Necromancy
 63844 | Zot:3    | Reached skill level 14 in Spellcasting
 64247 | Zot:4    | Identified +0 gold dragon scales
 64248 | Zot:4    | Reached skill level 15 in Spellcasting
 64254 | Zot:4    | Reached skill level 1 in Fire Magic
 64258 | Zot:4    | Reached skill level 2 in Fire Magic
 64267 | Zot:4    | Reached skill level 3 in Fire Magic
 64293 | Zot:4    | +0 gold dragon scales {rare}; a golden dragon corpse
 64302 | Zot:4    | +0 gold dragon scales {rare}; a golden dragon corpse
 64316 | Zot:4    | Identified the +4 orcbow "Pauwyef" {freeze, Fly rPois rF++}
 64344 | Zot:4    | +0 gold dragon scales {rare}; a golden dragon corpse
 64362 | Zot:4    | Reached skill level 4 in Fire Magic
 64398 | Zot:4    | Identified the staff "Udeqeel" {rN+ Conj Hexes}
 64480 | Zot:4    | Reached skill level 5 in Fire Magic
 64494 | Zot:4    | Reached skill level 6 in Fire Magic
 64523 | Zot:4    | +0 shadow dragon scales {rare}; a shadow dragon corpse
 64757 | Zot:4    | Reached skill level 7 in Fire Magic
 65054 | Zot:4    | Reached skill level 8 in Fire Magic
 65162 | Zot:5    | Entered Level 5 of the Realm of Zot
 65505 | Zot:5    | Reached skill level 9 in Fire Magic
 65558 | Zot:5    | Noticed an electric golem
 65570 | Zot:5    | Reached skill level 10 in Fire Magic
 65586 | Zot:5    | Noticed an orb of fire
 65595 | Zot:5    | Gained mutation: You are frail. (-10% HP) [an orb of fire]
 65600 | Zot:5    | Killed an orb of fire
 65603 | Zot:5    | Noticed an orb of fire
 65603 | Zot:5    | Gained mutation: You occasionally shout uncontrollably at
                  | your foes. [an orb of fire]
 65604 | Zot:5    | Noticed an ancient lich
 65604 | Zot:5    | Noticed an orb of fire
 65607 | Zot:5    | Gained mutation: You occasionally lose the ability to read
                  | scrolls when taking damage. [an orb of fire]
 65611 | Zot:5    | Gained mutation: You are very frail. (-20% HP) [an orb of
                  | fire]
 65613 | Zot:5    | Killed an orb of fire
 65627 | Zot:5    | Killed an orb of fire
 65628 | Zot:5    | Reached skill level 11 in Fire Magic
 65631 | Zot:5    | Killed an ancient lich
 65637 | Zot:5    | Killed an electric golem
 65828 | Zot:5    | Noticed an orb of fire
 65829 | Zot:5    | Noticed an electric golem
 65837 | Zot:5    | Killed an orb of fire
 65845 | Zot:5    | Reached skill level 12 in Fire Magic
 65847 | Zot:5    | Noticed an orb of fire
 65850 | Zot:5    | Noticed an orb of fire
 65851 | Zot:5    | Killed an electric golem
 65852 | Zot:5    | Noticed an orb of fire
 65852 | Zot:5    | Noticed an orb of fire
 65853 | Zot:5    | Killed an orb of fire
 65856 | Zot:5    | Gained mutation: You occasionally lose the ability to drink
                  | potions when taking damage. [an orb of fire]
 65860 | Zot:5    | Noticed an orb of fire
 65860 | Zot:5    | Gained mutation: Your magical capacity is low. (-10% MP)
                  | [an orb of fire]
 65866 | Zot:5    | Killed an orb of fire
 65880 | Zot:5    | Killed an orb of fire
 65881 | Zot:5    | Reached skill level 13 in Fire Magic
 65887 | Zot:5    | Killed an orb of fire
 66174 | Zot:5    | Gained mutation: You have a somewhat thin skeletal
                  | structure. (Dex +2, Stealth+) [an orb of fire]
 66182 | Zot:5    | Killed an orb of fire
 66447 | Zot:5    | Reached skill level 14 in Fire Magic
 66456 | Zot:5    | Noticed an orb of fire
 66459 | Zot:5    | Killed an orb of fire
 66580 | Zot:5    | Lost mutation: You are very frail. (-20% HP) [potion of
                  | mutation]
 66580 | Zot:5    | Lost mutation: Your magical capacity is low. (-10% MP)
                  | [potion of mutation]
 66580 | Zot:5    | Gained mutation: You have hidden genetic potential. [potion
                  | of mutation]
 66580 | Zot:5    | Lost mutation: You are weak. (Str -2) [potion of mutation]
 66581 | Zot:5    | Lost mutation: You are partially covered in iridescent
                  | scales. (AC +2) [potion of mutation]
 66581 | Zot:5    | Lost mutation: You have hidden genetic potential. [potion
                  | of mutation]
 66581 | Zot:5    | Lost mutation: You occasionally shout uncontrollably at
                  | your foes. [potion of mutation]
 66581 | Zot:5    | Lost mutation: Your spells are a little harder to cast, but
                  | a little more powerful. [potion of mutation]
 66581 | Zot:5    | Gained mutation: Your tail ends in a venomous barb. [potion
                  | of mutation]
 66582 | Zot:5    | Lost mutation: You have a somewhat thin skeletal structure.
                  | (Dex +2, Stealth+) [potion of mutation]
 66582 | Zot:5    | Lost mutation: You occasionally lose the ability to read
                  | scrolls when taking damage. [potion of mutation]
 66582 | Zot:5    | Gained mutation: You are partially covered in iridescent
                  | scales. (AC +2) [potion of mutation]
 66582 | Zot:5    | Gained mutation: You possess an exceptional clarity of
                  | mind. [potion of mutation]
 66583 | Zot:5    | Lost mutation: You are partially covered in iridescent
                  | scales. (AC +2) [potion of mutation]
 66583 | Zot:5    | Lost mutation: You possess an exceptional clarity of mind.
                  | [potion of mutation]
 66583 | Zot:5    | Gained mutation: You are dopey. (Int -2) [potion of
                  | mutation]
 66583 | Zot:5    | Gained mutation: You occasionally lose the ability to read
                  | scrolls when taking damage. [potion of mutation]
 66584 | Zot:5    | Lost mutation: You are frail. (-10% HP) [potion of
                  | mutation]
 66584 | Zot:5    | Lost mutation: You occasionally lose the ability to read
                  | scrolls when taking damage. [potion of mutation]
 66584 | Zot:5    | Lost mutation: Your tail ends in a venomous barb. [potion
                  | of mutation]
 66584 | Zot:5    | Gained mutation: You are partially covered in iridescent
                  | scales. (AC +2) [potion of mutation]
 66584 | Zot:5    | Gained mutation: You occasionally shout uncontrollably at
                  | your foes. [potion of mutation]
 66584 | Zot:5    | Gained mutation: You can exhale a cloud of poison. [potion
                  | of mutation]
 66600 | Zot:5    | Learned a level 8 spell: Ignition
 66999 | Hell     | Entered the Vestibule of Hell
 66999 | Hell     | Noticed Geryon
 67002 | Hell     | Reached skill level 15 in Fire Magic
 67604 | Hell     | Killed Geryon
 67608 | Hell     | Reached skill level 16 in Fire Magic
 67655 | Hell     | Found a gateway to the ashen valley of Gehenna.
 67732 | Hell     | HP: 63/271 [something (10)]
 68087 | Hell     | Found a gateway to the decaying netherworld of Tartarus.
 68236 | Hell     | Found a gateway to the freezing wastes of Cocytus.
 68321 | Hell     | Found a gateway to the Iron City of Dis.
 68459 | Hell     | Learned a level 8 spell: Infestation
 68530 | Depths:4 | You finish putting on your +6 gold dragon scales {rare}.
 68531 | Depths:4 | your +6 gold dragon scales {rare} glow green for a moment.
 69169 | Depths:1 | Reached skill level 17 in Fire Magic
 69180 | Depths:1 | Killed Deun's ghost
 69311 | Depths:1 | Bought a scroll of blinking for 292 gold pieces
 69311 | Depths:1 | Bought a scroll of teleportation for 117 gold pieces
 69311 | Depths:1 | Bought 2 potions of invisibility for 624 gold pieces
 69311 | Depths:1 | Bought a scroll of amnesia for 156 gold pieces
 69314 | Depths:1 | Bought a potion of curing for 111 gold pieces
 69314 | Depths:1 | Bought a potion of curing for 111 gold pieces
 69314 | Depths:1 | Bought a potion of curing for 111 gold pieces
 69420 | Depths:4 | Paralysed by a floating eye for 2 turns
 69422 | Depths:4 | Paralysed by a floating eye for 4 turns
 69431 | Depths:4 | Paralysed by a floating eye for 4 turns
 69458 | Depths:4 | Killed Puodgh's ghost
 69894 | D:15     | Learned a level 4 spell: Anguish
 70118 | Zot:1    | Killed Flapstick's ghost
 70138 | Zot:1    | You pick up a book of Iron and begin reading...
 71944 | Zig:1    | Entered Level 1 of a ziggurat
 72108 | Zig:2    | Entered Level 2 of a ziggurat
 72126 | Zig:3    | Entered Level 3 of a ziggurat
 72127 | Zig:3    | Noticed a dread lich
 72135 | Zig:3    | Killed a dread lich
 72136 | Zig:3    | Reached skill level 18 in Fire Magic
 72149 | Zig:3    | your +7 gold dragon scales {rare} glow green for a moment.
 72153 | Zig:4    | Entered Level 4 of a ziggurat
 72181 | Zig:4    | You add the spells Arcjolt and Maxwell's Capacitive
                  | Coupling to your library.
 72215 | Zig:5    | Entered Level 5 of a ziggurat
 72220 | Zig:5    | Noticed a curse skull
 72224 | Zig:5    | Killed a curse skull
 72254 | Zig:6    | Entered Level 6 of a ziggurat
 72260 | Zig:6    | Identified a potion of experience
 72268 | Zig:6    | Identified the ring of the Traitor {Wiz *Slow rPois rC-
                  | Will+++}
 72272 | Zig:6    | You add the spells Gell's Gravitas and Teleport Other to
                  | your library.
 72285 | Zig:7    | Entered Level 7 of a ziggurat
 72290 | Zig:7    | Noticed a caustic shrike
 72291 | Zig:7    | Noticed a caustic shrike
 72295 | Zig:7    | Killed a caustic shrike
 72296 | Zig:7    | Reached skill level 19 in Fire Magic
 72300 | Zig:7    | Killed a caustic shrike
 72319 | Zig:7    | Got Exobihor's Catalogue of the Singularity and Power
 72320 | Zig:7    | Identified the staff "Femabur" {Drain rPois rF+ rN+ Necro}
 72416 | Zig:8    | Entered Level 8 of a ziggurat
 72461 | Zig:9    | Entered Level 9 of a ziggurat
 72464 | Zig:9    | Noticed Ivviwn the pandemonium lord
 72467 | Zig:9    | HP: 64/271 [Ivviwn the pandemonium lord (6)]
 72486 | Zig:9    | Found the ring of the Tortoise {AC+8}
 72489 | Zig:9    | HP: 62/271 [Ivviwn the pandemonium lord (14)]
 72495 | Zig:9    | Banished Ivviwn the pandemonium lord
 72804 | Zig:9    | Identified the +2 flail of the Valley of Death {pain, rC+}
 72806 | Zig:9    | Got the Treatise on the Overhead Snowflakes
 72807 | Zig:9    | Identified the +5 leather armour of Ignis's Esteem {+Blink
                  | rN+ Int+4 Dex-3}
 72823 | Zig:10   | Entered Level 10 of a ziggurat
 72826 | Zig:10   | Noticed a juggernaut
 72828 | Zig:10   | Noticed a juggernaut
 72833 | Zig:10   | Killed a juggernaut
 72839 | Zig:10   | Killed a juggernaut
 72884 | Zig:10   | Identified the staff of the Voracious God {Fragile rN+
                  | Int+9 Dex+3 Necro Air}
 72956 | Zig:11   | Entered Level 11 of a ziggurat
 72959 | Zig:11   | Noticed a juggernaut
 72960 | Zig:11   | Noticed a juggernaut
 72964 | Zig:11   | Killed a juggernaut
 72968 | Zig:11   | Killed a juggernaut
 72991 | Zig:11   | Identified the +0 spear of Doom {flame, Int+3}
 72992 | Zig:11   | Identified the +5 trident of Xover {antimagic, rC+ rN+}
 73024 | Zig:12   | Entered Level 12 of a ziggurat
 73030 | Zig:12   | your +8 gold dragon scales {rare} melds into your body.
 73038 | Zig:12   | Reached skill level 1 in Transmutations
 73054 | Zig:12   | your +8 gold dragon scales {rare} unmelds from your body.
 73089 | Zig:12   | Identified the staff of War {Int+3 Conj}
 73093 | Zig:12   | Identified the +7 orcbow of Chaos {drain, *Slow rC- Str+7
                  | Dex+3}
 73129 | Zig:12   | your +8 gold dragon scales {rare} glow green for a moment.
 73163 | Zig:12   | Learned a level 2 spell: Sublimation of Blood
 73172 | Zig:12   | Learned a level 8 spell: Necromutation
 73218 | Zig:13   | Entered Level 13 of a ziggurat
 73226 | Zig:13   | Reached skill level 2 in Transmutations
 73233 | Zig:13   | Reached skill level 20 in Fire Magic
 73238 | Zig:13   | HP: 49/271 [Hell Sentinel/damnation (21)]
 73241 | Zig:13   | Identified the ring "Ushracsog" {rElec rF- rC+ Int+2}
 73243 | Zig:13   | HP: 40/271 [barbs]
 73243 | Zig:14   | Entered Level 14 of a ziggurat
 73292 | Zig:14   | Reached skill level 3 in Transmutations
 73298 | Zig:14   | Reached skill level 16 in Spellcasting
 73303 | Zig:14   | Reached skill level 4 in Transmutations
 73320 | Zig:14   | Found the +10 tower shield of Ignorance {rN+ Int-4}
 73326 | Zig:14   | Identified the +1 robe "Zeiqilotuu" {rN++}
 73333 | Zig:14   | Identified the +5 glaive of Checks and Balances {pain,
                  | Str+2}
 73339 | Zig:14   | Got Cerebov's Secrets of Volatile Bombardment
 73485 | Zig:15   | Entered Level 15 of a ziggurat
 73549 | Zig:15   | Reached skill level 5 in Transmutations
 73704 | Zig:15   | Found the +0 pair of fencer's gloves {Riposte Dex+3}
 73717 | Zig:15   | Got Wulaewn's Anthology of Chilblains
 73729 | Zig:15   | Identified the +6 broad axe of the Lonely Runes {heavy,
                  | rElec SInv}
 73743 | Zig:15   | Identified the amulet "Nori" {Spirit Dex+2}
 73799 | Zig:16   | Entered Level 16 of a ziggurat
 73815 | Zig:16   | Noticed Fidduiq the pandemonium lord
 73815 | Zig:16   | Noticed Seuni the pandemonium lord
 73815 | Zig:16   | Noticed Byagacup the pandemonium lord
 73815 | Zig:16   | Noticed Jonluck the pandemonium lord
 73815 | Zig:16   | Noticed Humup the pandemonium lord
 73816 | Zig:16   | Noticed Veux the pandemonium lord
 73817 | Zig:16   | Noticed Tiag the pandemonium lord
 73817 | Zig:16   | Noticed Ticuy the pandemonium lord
 73824 | Zig:16   | Paralysed by a floating eye for 3 turns
 73828 | Zig:16   | Banished Humup the pandemonium lord
 73829 | Zig:16   | Reached skill level 6 in Transmutations
 73830 | Zig:16   | HP: 58/271 [???[Jonluck] (29)]
 73831 | Zig:16   | Killed Seuni the pandemonium lord
 73833 | Zig:16   | Killed Tiag the pandemonium lord
 73833 | Zig:16   | Killed Fidduiq the pandemonium lord
 73834 | Zig:16   | Killed Veux the pandemonium lord
 73834 | Zig:16   | Blown up by Fidduiq

Vanquished Creatures
  Dissolution (Slime:2)
  the Royal Jelly (Slime:5)
  2 ancient liches
  3 dread liches
  9 orbs of fire (Zot:5)
  Khufu (Crypt:1)
  6 juggernauts
  The ghost of Flapstick the Slayer, a legendary HaBe of Trog (Zot:1)
  The ghost of Deun the Eclecticist, a veteran MfIE of Vehumet (Depths:1)
  2 royal mummies (Vaults:2)
  Josephina (Crypt:3)
  Sojobo (Vaults:5)
  Boris (Crypt:3)
  Parghit (Depths:3)
  Bai Suzhen (Crypt:1)
  6 Killer Klowns
  Margery (Vaults:2)
  4 pandemonium lords (Zig:16)
  4 caustic shrikes
  A curse toe (Zot:2)
  Geryon (Hell)
  Nikola (Depths:1)
  14 golden dragons
  A profane servitor (Crypt:3)
  2 bone dragons
  Jory (Crypt:3)
  Arachne (Spider:2)
  4 hellephants
  A Tzitzimitl (Zig:9)
  4 electric golems
  Jorgrun (Orc:1)
  4 Hell Sentinels
  Rupert (D:15)
  23 tentacled monstrosities
  2 walking crystal tomes (Depths:3)
  17 Orb Guardians (Zot:5)
  Zenata (Crypt:3)
  A tainted leviathan (Hell)
  4 deep elf master archers (Elf:3)
  2 deep elf blademasters (Elf:3)
  2 walking frostbound tomes
  A walking earthen tome (Depths:3)
  12 quicksilver dragons
  2 titans
  A walking divine tome (Depths:3)
  6 liches
  2 tentacled starspawn
  The ghost of Puodgh the Phalangite, an adept MfGl of Kikubaaqudgha (Depths:4)
  4 sphinxes
  14 acid blobs
  Gastronok (Lair:3)
  3 ancient champions
  9 death cobs
  3 thorn hunters
  Roxanne (Swamp:1)
  Kirke (D:15)
  11 azure jellies
  7 rockslimes
  A fenstrider witch (Swamp:4)
  7 tengu reavers
  13 shadow dragons
  Donald (Spider:3)
  15 storm dragons
  7 draconian monks
  10 frost giants
  4 revenants
  7 fire giants
  7 deep elf sorcerers
  5 draconian knights
  3 iron dragons
  An emperor scorpion (shapeshifter) (Vaults:5)
  A nargun (Zig:2)
  13 vault wardens
  12 ghost moths
  4 emperor scorpions (Spider:4)
  7 draconian shifters
  A frost giant (shapeshifter) (Zig:9)
  2 quicksilver elementals (Zig:13)
  A curse skull (Zig:5)
  Louise (D:14)
  4 draconian scorchers
  A balrug (Hell)
  4 ghouls
  4 deep elf elementalists (Elf:3)
  2 imperial myrmidons (Desolation)
  2 orc warlords
  The ghost of GrimJard the Brawler, a journeyman TrFi of Ru (Orc:2)
  9 draconian stormcallers
  9 draconian annihilators
  Aizul (Vaults:4)
  3 broodmothers
  2 spriggan defenders
  A cacodemon (Abyss:3)
  A stone giant (shapeshifter) (Zig:16)
  21 very ugly things
  7 war gargoyles
  18 ironbound preservers
  13 stone giants
  A juggernaut skeleton (Crypt:1)
  13 quicksilver oozes
  5 formless jellyfish
  A demonspawn black sun (Zig:15)
  11 ironbound thunderhulks
  4 reapers (Hell)
  4 green draconians
  8 deep elf demonologists
  12 vampire knights
  An eleionoma (shapeshifter) (Zig:9)
  Nessos (Lair:4)
  14 dire elephants
  Azrael (D:15)
  The ghost of Magasuts the Blocker, a journeyman GnFi of Gozag (Lair:4)
  An eleionoma (Swamp:4)
  11 spark wasps
  2 bunyips
  9 black draconians
  6 deep elf annihilators
  13 purple draconians
  10 white draconians
  A halazid warlock (Desolation)
  4 putrid mouths (Hell)
  14 red draconians
  A lorocyproca (Zig:3)
  7 yellow draconians
  4 eidola
  A blizzard demon (Hell)
  8 ettins
  4 crystal guardians
  5 mummy priests
  6 deep elf death magi
  A green death (Hell)
  A merfolk javelineer (Zig:15)
  14 deep elf high priests
  10 fire dragons
  2 shambling mangroves
  22 jiangshi
  9 entropy weavers
  10 great orbs of eyes
  19 yaktaur captains
  An iron golem (Hell)
  12 servants of whispers (Desolation)
  10 ragged hierophants
  30 vault guards
  6 ironbound frosthearts
  A catoblepas (Lair:5)
  A caustic shrike simulacrum (Crypt:3)
  2 rakshasas
  A spriggan skeleton (Hell)
  20 hydras
  3 ghost crabs
  2 merfolk aquamancers (Zig:15)
  6 death knights
  13 centaur warriors
  2 jorogumos (Spider:4)
  4 spriggan air magi
  19 peacekeepers
  A radroach (Spider:4)
  11 ice dragons
  An ogre mage (Vaults:5)
  12 death yaks
  32 dancing weapons
  7 alligators
  9 boulder beetles
  A satyr (Zig:15)
  11 deep troll shamans
  5 hell hogs
  4 two-headed ogres
  9 orc high priests
  10 spriggan berserkers
  2 vampire magi
  10 deep troll earth magi
  2 tengu warriors (Depths:4)
  18 deep elf knights
  3 thrashing horrors
  6 demonic crawlers
  2 sun demons
  Sonja (Lair:1)
  34 hell knights
  5 soul eaters
  A crystal echidna (Zig:13)
  4 skysharks
  An emperor scorpion zombie (Crypt:2)
  10 iron trolls
  29 skeletal warriors
  6 wretched stars
  A storm dragon zombie (Hell)
  4 shadow wraiths (Crypt:3)
  12 pharaoh ants
  3 goliath frogs
  3 flayed ghosts
  66 deep trolls
  A spatial maelstrom (Abyss:3)
  2 sun moths (Spider:4)
  A golden dragon zombie (Crypt:2)
  A sea snake (Zig:15)
  3 spriggan druids
  A glowing orange brain (Depths:2)
  7 orc knights
  5 bog bodies
  12 swamp dragons
  An obsidian statue (Depths:1)
  27 ironbound convokers
  5 lindwurms
  9 wizards
  17 deep elf archers
  10 orb spiders
  2 spriggan simulacra
  5 steelbarb worms
  9 harpies
  25 wolf spiders
  8 phantasmal warriors
  An oklob plant (Lair:1)
  25 deep elf zephyrmancers
  38 starcursed masses
  33 deep elf pyromancers
  5 manticores
  8 orc sorcerers
  A wolf spider (shapeshifter) (D:14)
  A sphinx skeleton (Zig:12)
  13 necromancers
  2 will-o-the-wisps
  8 cyclopes
  3 worldbinders
  3 elephants (Abyss:3)
  3 shining eyes
  2 draconian zombies (Zot:2)
  A merfolk siren (Zig:15)
  35 ugly things
  A naga zombie (Crypt:3)
  A spectral centaur (Crypt:3)
  2 rust devils
  30 moths of wrath
  A water nymph (Zig:15)
  19 vault sentinels
  10 torpor snails
  9 smoke demons
  3 molten gargoyles (Hell)
  A black mamba (Lair:4)
  2 guardian serpents (Desolation)
  An unseen horror (Abyss:2)
  25 cane toads
  A shock serpent skeleton (Crypt:2)
  2 unseen horrors (shapeshifter)
  8 rime drakes
  43 yaktaurs
  An alligator snapping turtle zombie (Hell)
  A hellion (Abyss:3)
  A dire elephant skeleton (Crypt:3)
  A green draconian zombie (Zot:2)
  5 ice devils (Hell)
  2 freezing wraiths
  2 efreet
  Psyche (D:12)
  A catoblepas skeleton (Crypt:1)
  An anaconda simulacrum (Crypt:3)
  3 ancient zymes
  7 komodo dragons
  2 red devils (Hell)
  7 guardian mummies
  2 tormentors
  2 tengu conjurers (Depths:3)
  2 polar bears (Lair:4)
  2 hellwings
  An iron troll zombie (Crypt:2)
  23 tarantellas
  19 hornets
  3 meliai (Spider:2)
  4 merfolk (Zig:15)
  12 trolls
  A polar bear (shapeshifter) (Elf:2)
  67 saltlings
  6 tyrant leeches
  A wind drake (Zig:15)
  2 hornets (shapeshifter)
  A snapping turtle (Zig:15)
  15 blink frogs
  2 harpy skeletons (Hell)
  A dream sheep (shapeshifter) (Depths:3)
  6 raiju (Abyss:1)
  18 culicivoras
  23 jumping spiders
  62 flying skulls
  15 small abominations
  5 air elementals
  61 slime creatures
  A vampire (D:12)
  7 ynoxinuls
  3 centaur simulacra
  3 shadows (Crypt:3)
  17 spriggans
  2 wyverns
  An ettin skeleton (Abyss:1)
  An ushabti (Zig:12)
  7 water elementals
  4 fire elementals
  50 yaks
  7 chaos spawn
  8 humans (D:14)
  10 wraiths
  3 basilisks
  A golden eye (Slime:5)
  3 fire bats (Abyss:2)
  4 neqoxecs
  20 vampire mosquitoes
  43 redbacks
  3 spatial vortices (Abyss:3)
  15 large abominations
  6 wargs
  16 swamp worms
  An acid dragon (Zot:4)
  A merfolk zombie (Crypt:1)
  12 water moccasins
  An entropy weaver zombie (Crypt:1)
  3 hell hounds (D:15)
  A glowing shapeshifter skeleton (Zig:12)
  A hydra simulacrum (Crypt:3)
  A floating eye (Depths:4)
  A two-headed ogre skeleton (Crypt:1)
  2 ice beasts
  3 black bears
  43 orc warriors
  9 swamp drakes
  A black mamba simulacrum (Hell)
  12 ogres
  4 sky beasts
  6 wolves (Lair:2)
  5 boggarts
  3 centaurs
  3 phantoms
  3 kobold brigands
  5 necrophages
  18 bullfrogs
  A cyclops zombie (Crypt:1)
  2 earth elementals
  2 naga simulacra (Crypt:3)
  A draconian skeleton (Crypt:2)
  3 gnoll sergeants
  4 scorpions
  A wyvern skeleton (Crypt:2)
  4 wights (D:7)
  A yak zombie (Crypt:2)
  10 killer bees
  An electric eel (Lair:5)
  A raiju skeleton (Crypt:1)
  A centaur zombie (Crypt:1)
  3 quasits (Abyss:1)
  4 hounds
  4 jellies
  2 gnoll boudas
  35 orc priests
  2 iron imps
  A sleepcap (D:6)
  8 iguanas
  Natasha (twice) (D:3)
  18 orc wizards
  3 hell rats (Hell)
  An acid dragon zombie (Crypt:1)
  An ogre zombie (Crypt:2)
  5 mummies
  27 gnolls
  A river rat (D:3)
  8 adders
  A shadow imp (Abyss:2)
  3 white imps
  An ufetubus (Abyss:3)
  An iguana zombie (Crypt:1)
  A jelly zombie (Crypt:2)
  2 worms (D:2)
  3 dart slugs
  124 orcs
  A bat zombie (Crypt:1)
  4 endoplasms
  14 giant cockroaches
  13 goblins
  17 hobgoblins
  2 jackals (D:4)
  25 kobolds
  7 quokkas
  15 ball pythons
  19 bats
  6 frilled lizards
  9 rats
2864 creatures vanquished.

Vanquished Creatures (collateral kills)
  An orb of fire (Zot:5)
  A Killer Klown (Zot:5)
  A golden dragon (Zot:4)
  A tentacled monstrosity (Zot:1)
  8 Orb Guardians (Zot:5)
  A quicksilver dragon (Zot:1)
  A walking frostbound tome (Depths:4)
  8 acid blobs
  2 death cobs (Zot:1)
  A draconian monk (Zot:4)
  A storm dragon (Zot:5)
  5 rockslimes
  3 azure jellies
  An emperor scorpion (Zig:14)
  An orc warlord (Zig:6)
  5 quicksilver oozes
  2 stone giants
  A green draconian (Zot:4)
  A black draconian (Zot:4)
  2 red draconians (Zot:1)
  A white draconian (Zot:4)
  A spark wasp (shapeshifter) (Zig:9)
  A yellow draconian (Zot:3)
  2 purple draconians
  A mummy priest (Zig:12)
  A merfolk impaler (Zig:15)
  A merfolk javelineer (Zig:15)
  An entropy weaver (Zig:14)
  A spriggan zombie (Zig:12)
  A great orb of eyes (Slime:5)
  An ice dragon (Zot:4)
  A merfolk avatar (Zig:15)
  2 jorogumos (Zig:14)
  4 merfolk aquamancers (Zig:15)
  A demonic crawler (Zig:14)
  2 orc high priests (Zig:11)
  A hell knight (Hell)
  A pharaoh ant (Zig:14)
  A storm dragon skeleton (Zig:12)
  An orb spider (Zig:14)
  A sphinx zombie (Zig:12)
  2 steelbarb worms (Zig:14)
  10 harpies (Zig:15)
  An orc knight (Zig:11)
  A tengu skeleton (Zig:12)
  A lindwurm (shapeshifter) (Zig:9)
  2 shining eyes
  A cyclops (Zig:11)
  9 moths of wrath
  4 manticores (Zig:15)
  3 fauns (Zig:15)
  2 water nymphs (Zig:15)
  A merfolk siren (Zig:15)
  An apocalypse crab (Zig:9)
  An eye of devastation (Slime:2)
  3 torpor snails (Zig:14)
  A cane toad (Zig:7)
  An anaconda simulacrum (Hell)
  3 guardian mummies (Zig:12)
  A troll (Zig:10)
  6 merfolk (Zig:15)
  A tarantella (Zig:14)
  A wind drake (Zig:15)
  2 snapping turtles (Zig:15)
  36 slime creatures
  A jumping spider (Zig:14)
  A culicivora (Zig:14)
  An ushabti (Zig:12)
  14 golden eyes
  2 redbacks (Zig:14)
  A chaos spawn (Zig:9)
  2 floating eyes
  6 orc warriors
  2 ogres
  2 orc priests (Zig:10)
  8 jellies (Slime:4)
  An orc wizard (Zig:10)
  2 hell rats (Hell)
  6 mummies (Zig:12)
217 creatures vanquished.

Vanquished Creatures (others)
  A fire giant (Depths:2)
  A draconian scorcher (Zot:1)
  A vault warden (Vaults:3)
  A Killer Klown zombie (Zot:5)
  A rockslime zombie (Slime:1)
  2 acid blob zombies (Slime:5)
  A hydra (Swamp:3)
  A centaur warrior (D:15)
  10 Orb Guardian zombies (Zot:5)
  4 quicksilver ooze zombies
  2 storm dragon zombies
  A shadow dragon zombie (Zot:3)
  A swamp dragon (Swamp:4)
  A harpy (Zig:15)
  A jorogumo zombie (Zig:14)
  A wolf spider zombie (Zig:14)
  A deep elf zephyrmancer (Elf:2)
  7 draconian zombies
  A moth of wrath (Zot:4)
  An apocalypse crab (Abyss:1)
  5 red draconian zombies
  3 yellow draconian zombies
  A black draconian zombie (Zot:1)
  3 merfolk zombies (Zig:15)
  3 white draconian zombies
  4 purple draconian zombies
  2 steelbarb worm zombies (Zig:14)
  A redback zombie (Zig:14)
  A green draconian zombie (Zot:1)
  A demonic crawler zombie (Zig:14)
  6 harpy zombies (Zig:15)
  3 bloated husks
  A culicivora zombie (Zig:14)
  5 moth of wrath zombies
  A jumping spider zombie (Zig:14)
  A large abomination (Abyss:2)
  A jumping spider (Spider:4)
  2 great orb of eyes zombies (Slime:5)
  2 water elementals
  A wind drake zombie (Zig:15)
  5 slime creature zombies
  2 humans
  A redback (Spider:4)
  A fire elemental (Elf:2)
  A water nymph zombie (Zig:15)
  3 human zombies (Hell)
  2 faun zombies (Zig:15)
  A small abomination (Abyss:2)
  A swamp drake (Swamp:1)
  3 manticore zombies (Zig:15)
  An elf zombie (Zig:4)
  An ogre (Zig:11)
  A warg zombie (Zig:6)
  A hell rat (Hell)
  2 orc wizards
  3 ogre zombies (Zig:11)
  6 hell rat zombies (Hell)
  4 orc zombies (Zig:11)
  An orc (D:15)
  A gnoll zombie (Zig:11)
  4 foxfires (Abyss:3)
  19 starspawn tentacles
151 creatures vanquished.

Grand Total: 3232 creatures vanquished

Action                     |  1- 3 |  4- 6 |  7- 9 | 10-12 | 13-15 | 16-18 | 19-21 | 22-24 | 25-27 || total
---------------------------+-------+-------+-------+-------+-------+-------+-------+-------+-------++-------
  Melee: Falchion          |    56 |    74 |       |       |       |       |       |       |       ||   130
         Short sword       |       |    48 |   230 |   661 |  1008 |   128 |       |       |       ||  2075
         Constrict         |       |       |       |       |   223 |   238 |   281 |   244 |   328 ||  1314
         Scimitar          |       |       |       |       |       |  1093 |   266 |       |     8 ||  1367
         Double sword      |       |       |       |       |       |       |   817 |  1219 |  1939 ||  3975
   Cast: Death Channel     |       |       |       |       |       |       |       |       |    47 ||    47
         Animate Dead      |       |       |       |       |       |       |       |       |    39 ||    39
         Ignition          |       |       |       |       |       |       |       |       |    19 ||    19
         Infestation       |       |       |       |       |       |       |       |       |     5 ||     5
 Invoke: Step From Time    |       |       |       |     2 |       |       |       |     1 |     4 ||     7
         Slouch            |       |       |       |     1 |    13 |     4 |     3 |    10 |    26 ||    57
Ability: Spit Poison       |    26 |    44 |    48 |    27 |    25 |    18 |       |       |     1 ||   189
  Evoke: Wand              |       |       |     5 |     3 |     8 |     8 |       |     1 |     4 ||    29
         Phantom mirror    |       |       |       |       |     1 |       |       |       |     1 ||     2
         Phial of floods   |       |       |       |       |       |       |       |       |     1 ||     1
    Use: Scroll            |       |       |     6 |    10 |    13 |     5 |     5 |     4 |    14 ||    57
         Potion            |       |       |       |       |     1 |     9 |     2 |       |    33 ||    45
   Stab: Paralysed         |       |       |     4 |     4 |       |       |       |       |       ||     8
         Petrified         |       |       |       |     1 |       |       |       |       |       ||     1
         Sleeping          |       |       |       |       |     5 |    11 |     7 |     7 |    13 ||    43
         Invisible         |       |       |       |       |     9 |       |       |       |       ||     9
         Distracted        |       |       |       |       |     1 |     4 |     5 |    14 |    49 ||    73
         Confused          |       |       |       |       |       |     2 |       |       |     3 ||     5
 Armour: Robe              |     2 |       |       |       |       |       |       |       |       ||     2
         Leather armour    |    10 |    26 |       |       |       |       |       |       |       ||    36
         Ring mail         |       |     9 |   110 |   113 |       |       |       |       |       ||   232
         Troll leather arm |       |       |       |    73 |   183 |       |       |       |       ||   256
         Fire dragon scale |       |       |       |       |    56 |    40 |       |       |       ||    96
         Chain mail        |       |       |       |       |    31 |   387 |   195 |   272 |   443 ||  1328
         Gold dragon scale |       |       |       |       |       |       |       |       |   186 ||   186
         Skin              |       |       |       |       |       |       |       |       |     2 ||     2
  Dodge: Dodged            |    39 |    69 |   119 |   573 |   979 |   965 |   762 |  1025 |  1860 ||  6391
         Repelled          |       |       |       |       |     1 |    10 |    29 |    18 |       ||    58
  Block: Tower shield      |       |       |       |       |   117 |  1743 |  1529 |  1920 |  2830 ||  8139
         Buckler           |       |       |       |       |       |       |       |       |   149 ||   149
Riposte: Scimitar          |       |       |       |       |       |       |       |       |     2 ||     2

Illustrated notes

Table legend:
 A = Kills in this place as a percentage of kills in the entire game.
 B = Kills by you in this place as a percentage of kills by you in the entire game.
 C = Kills by friends in this place as a percentage of kills by friends in the entire game.
 D = Other kills in this place as a percentage of other kills in the entire game.
 E = Experience gained in this place as a percentage of experience gained in the entire game.
 F = Experience gained in this place divided by the number of levels of this place that you have seen.
                   A       B       C       D       E      F
               +-------+-------+-------+-------+-------+----------------------
         Total | 100.0 | 100.0 | 100.0 | 100.0 | 100.0 | 23678.9
       Dungeon |  13.9 |  15.0 |   0.0 |   6.7 |   3.3 | 4210.0
        Temple |   0.1 |   0.1 |   0.0 |   0.0 |   0.0 |  27.0
          Lair |   5.6 |   6.1 |   0.0 |   0.0 |   3.0 | 11656.0
         Swamp |   3.9 |   4.1 |   0.0 |  13.3 |   3.3 | 15932.0
   Spider Nest |   6.0 |   6.4 |   0.0 |   6.7 |   4.7 | 22385.2
    Slime Pits |   4.9 |   2.5 |  36.9 |   0.0 |   5.3 | 20368.2
  Orcish Mines |   3.8 |   4.1 |   0.0 |   0.0 |   0.8 | 7773.5
   Elven Halls |   6.2 |   6.6 |   0.0 |  13.3 |   6.9 | 43870.7
        Vaults |  12.7 |  13.7 |   0.0 |   6.7 |  16.6 | 63867.0
         Crypt |   6.4 |   7.0 |   0.0 |   0.0 |   6.3 | 40125.7
        Depths |   7.9 |   8.5 |   0.9 |   6.7 |  12.7 | 60675.0
          Hell |   2.2 |   2.3 |   1.8 |   0.0 |   2.4 | 45686.0
           Zot |   8.1 |   7.6 |  15.2 |  13.3 |  18.8 | 71966.8
         Abyss |   5.3 |   5.7 |   0.0 |   6.7 |   3.5 | 16963.5
      Ziggurat |   8.5 |   5.6 |  45.2 |  26.7 |   9.6 | 11461.0
         Sewer |   0.8 |   0.8 |   0.0 |   0.0 |   0.0 | 151.0
    Desolation |   3.6 |   3.9 |   0.0 |   0.0 |   2.9 | 54955.0
               +-------+-------+-------+-------+-------+----------------------

Table legend: (Time is in decaauts)
 A = Elapsed time spent in this place.
 B = Non-inter-level travel time spent in this place.
 C = Inter-level travel time spent in this place.
 D = Time resting spent in this place.
 E = Time spent auto-exploring this place.
 F = Levels seen in this place.
 G = Mean time per level.
                   A        B        C        D        E       F      G
               +--------+--------+--------+--------+--------+-----+--------+
         Total | 149103 | 120028 |  29075 |  12274 |  85039 |  81 | 1840.8 |
       Dungeon |  29769 |  22690 |   7079 |   1611 |  18401 |  15 | 1984.6 |
        Temple |    154 |    101 |     53 |      0 |     75 |   1 |  154.0 |
          Lair |  15597 |  11190 |   4407 |    525 |   9303 |   5 | 3119.4 |
         Swamp |   6609 |   6185 |    424 |    875 |   4184 |   4 | 1652.2 |
   Spider Nest |   9481 |   8845 |    636 |    634 |   6549 |   4 | 2370.2 |
    Slime Pits |   7220 |   5732 |   1488 |    175 |   4736 |   5 | 1444.0 |
  Orcish Mines |   4453 |   3746 |    707 |    507 |   2846 |   2 | 2226.5 |
   Elven Halls |  11643 |   8723 |   2920 |   1411 |   5898 |   3 | 3881.0 |
        Vaults |  19044 |  14682 |   4362 |   1216 |  11059 |   5 | 3808.8 |
         Crypt |   6235 |   5792 |    443 |    187 |   4576 |   3 | 2078.3 |
        Depths |  16988 |  12120 |   4868 |   2356 |   7763 |   4 | 4247.0 |
          Hell |   1374 |   1294 |     80 |     77 |    847 |   1 | 1374.0 |
           Zot |  10689 |   9085 |   1604 |   1273 |   6005 |   5 | 2137.8 |
         Abyss |   3534 |   3534 |      0 |    315 |      0 |   4 |  883.5 |
      Ziggurat |   2751 |   2751 |      0 |    975 |    656 |  16 |  171.9 |
        Bazaar |    192 |    192 |      0 |      0 |    106 |   1 |  192.0 |
         Trove |    251 |    251 |      0 |      0 |     14 |   1 |  251.0 |
         Sewer |    678 |    678 |      0 |      0 |    527 |   1 |  678.0 |
    Desolation |   2434 |   2434 |      0 |    130 |   1484 |   1 | 2434.0 |
               +--------+--------+--------+--------+--------+-----+--------+

Top non-repeatable levels by time:
Depths:4: 5558 daAuts
Depths:3: 4703 daAuts
Vaults:2: 4620 daAuts
Vaults:3: 4405 daAuts
   Elf:3: 4027 daAuts
   Elf:2: 3904 daAuts
Depths:2: 3746 daAuts
   Elf:1: 3711 daAuts
    D:12: 3647 daAuts
Vaults:4: 3646 daAuts
  Lair:2: 3628 daAuts
  Lair:1: 3522 daAuts
Spider:4: 3486 daAuts
  Lair:3: 3287 daAuts
Vaults:5: 3190 daAuts
